Workbook

Sheet Rate Impact-GRC Incremental
A1: GRC Settlement Base Rate Impact - GRC Incremental
A2: Rocky Mountain Power
A3: Estimated Effect of Proposed Changes
A4: on Revenues from Electric Sales to Ultimate Consumers in Utah
A5: Base Period 12 Months Ending December 2023
A6: Forecast Period 12 Months Ending December 2025
G8: No. of | K8: Present 1 | M8: Proposed2
A9: Line | E9: Sch | G9: Customer | I9: MWh | K9: Base | M9: Base | O9: Change
A10: No. | C10: Description | E10: No. | G10: Forecast | I10: Forecast | K10: ($000) | M10: ($000) | O10: ($000) | Q10: (%) | S10: Monthly Average
C11: -1 | E11: =MIN($A11:D11)-1 -> -2 | G11: =MIN($A11:F11)-1 -> -3 | I11: =MIN($A11:H11)-1 -> -4 | K11: =MIN($A11:J11)-1 -> -5 | M11: =MIN($A11:L11)-1 -> -6 | O11: =MIN($A11:N11)-1 -> -7 | Q11: =MIN($A11:P11)-1 -> -8 | T11: Present | U11: Proposed
O12: ="(" & -M11 & ")-(" & -K11 & ")" -> (6)-(5) | Q12: ="(" & -O11 & ")/(" & -K11 & ")" -> (7)/(5) | S12: kWh | T12: $ | U12: $ | V12: ∆ | W12: %
C13: Residential
A14: 1 | C14: Residential | E14: 1/3 | G14: =ROUND(('Rate Design'!D11+'Rate Design'!D30+'Rate Design'!D85)/12,0) -> 955431 | I14: =('Rate Design'!D27+'Rate Design'!D48+'Rate Design'!D102)/1000 -> 8246234.6 | K14: 946585.31 | M14: =('Rate Design'!M27+'Rate Design'!M48+'Rate Design'!M102)/1000 -> 985965.07 | O14: =M14-K14 -> 39379.758 | Q14: =O14/K14 -> 0.041601911 | S14: =ROUND(I14/($G14*12)*1000,0) -> 719 | T14: =ROUND(K14/($G14*12)*1000,2) -> 82.56 | U14: =ROUND(M14/($G14*12)*1000,2) -> 86 | V14: =U14-T14 -> 3.44 | W14: =U14/T14-1 -> 0.041666667
A15: =MAX(A$13:A14)+1 -> 2 | C15: Res. Optional TOD | E15: 2/2E | G15: =ROUND(('Rate Design'!D51+'Rate Design'!D70)/12,0) -> 1029 | I15: =('Rate Design'!D67+'Rate Design'!D82)/1000 -> 13246.398 | K15: 1326.991 | M15: =('Rate Design'!M67+'Rate Design'!M82)/1000 -> 1383.878 | O15: =M15-K15 -> 56.887 | Q15: =O15/K15 -> 0.042869168 | S15: =ROUND(I15/($G15*12)*1000,0) -> 1073 | T15: =ROUND(K15/($G15*12)*1000,2) -> 107.47 | U15: =ROUND(M15/($G15*12)*1000,2) -> 112.07 | V15: =U15-T15 -> 4.6 | W15: =U15/T15-1 -> 0.042802643
A16: =MAX(A$13:A15)+1 -> 3 | C16: AGA/Revenue Credit | K16: 37.13672 | M16: ='Rate Design'!M1275/1000 -> 37.13672 | O16: =M16-K16 -> 0 | Q16: =O16/K16 -> 0
A17: =MAX(A$13:A16)+1 -> 4 | C17: Total Residential | G17: =SUM(G14:G16) -> 956460 | I17: =SUM(I14:I16) -> 8259481 | K17: 947949.44 | M17: =SUM(M14:M16) -> 987386.08 | O17: =SUM(O14:O16) -> 39436.645 | Q17: =O17/K17 -> 0.041602055 | S17: =ROUND(I17/($G17*12)*1000,0) -> 720 | T17: =ROUND(K17/($G17*12)*1000,2) -> 82.59 | U17: =ROUND(M17/($G17*12)*1000,2) -> 86.03 | V17: =U17-T17 -> 3.44 | W17: =U17/T17-1 -> 0.041651532
C18: Commercial & Industrial
A19: =MAX(A$13:A18)+1 -> 5 | C19: Gen. Svc. Dist. | E19: 6 | G19: =ROUND(('Rate Design'!D112+'Rate Design'!D168)/12,0) -> 14281 | I19: =('Rate Design'!D123+'Rate Design'!D179)/1000 -> 6403525.8 | K19: 549379.31 | M19: =('Rate Design'!M123+'Rate Design'!M179)/1000 -> 570479.98 | O19: =M19-K19 -> 21100.668 | Q19: =O19/K19 -> 0.038408196
A20: =MAX(A$13:A19)+1 -> 6 | C20: Gen. Svc. Dist. Energy TOD | E20: 6A | G20: =ROUND(('Rate Design'!D224+'Rate Design'!D284)/12,0) -> 2827 | I20: =('Rate Design'!D236+'Rate Design'!D296)/1000 -> 380064.31 | K20: 44191.168 | M20: =('Rate Design'!M236+'Rate Design'!M296)/1000 -> 45888.662 | O20: =M20-K20 -> 1697.494 | Q20: =O20/K20 -> 0.038412517
A21: =MAX(A$13:A20)+1 -> 7 | C21: Subtotal Schedule 6 | G21: =SUM(G19:G20) -> 17108 | I21: =SUM(I19:I20) -> 6783590.1 | K21: 593570.48 | M21: =SUM(M19:M20) -> 616368.64 | O21: =SUM(O19:O20) -> 22798.162 | Q21: =O21/K21 -> 0.038408517
A22: =MAX(A$13:A21)+1 -> 8 | C22: Gen. Svc. Dist. > 1,000 kW | E22: 8 | G22: =ROUND(('Rate Design'!D389+'Rate Design'!D445)/12,0) -> 223 | I22: =('Rate Design'!D400+'Rate Design'!D456)/1000 -> 2393014.3 | K22: 180100.29 | M22: =('Rate Design'!M400+'Rate Design'!M456)/1000 -> 186985.3 | O22: =M22-K22 -> 6885.016 | Q22: =O22/K22 -> 0.03822879
A23: =MAX(A$13:A22)+1 -> 9 | C23: Gen. Svc. High Voltage | E23: 9 | G23: =ROUND(('Rate Design'!D459)/12,0) -> 164 | I23: =('Rate Design'!D470)/1000 -> 5060524.4 | K23: 293629.89 | M23: =('Rate Design'!M470)/1000 -> 305776.22 | O23: =M23-K23 -> 12146.333 | Q23: =O23/K23 -> 0.041366133
A24: =MAX(A$13:A23)+1 -> 10 | C24: Gen. Svc. High Voltage, Former Contract 2 | E24: 9-C2 | G24: =ROUND(('Rate Design'!D1234)/12,0) -> 1 | I24: =('Rate Design'!D1242)/1000 -> 324160 | K24: 18717.984 | M24: =('Rate Design'!M1242)/1000 -> 19493.902 | O24: =M24-K24 -> 775.918 | Q24: =O24/K24 -> 0.041453075
A25: =MAX(A$13:A24)+1 -> 11 | C25: Gen. Svc. H.V. Energy TOD | E25: 9A | G25: =ROUND(('Rate Design'!D501)/12,0) -> 8 | I25: =('Rate Design'!D511)/1000 -> 45448.732 | K25: 3447.654 | M25: =('Rate Design'!M511)/1000 -> 3589.121 | O25: =M25-K25 -> 141.467 | Q25: =O25/K25 -> 0.04103283
A26: =MAX(A$13:A25)+1 -> 12 | C26: Subtotal Schedule 9 | G26: =SUM(G23:G25) -> 173 | I26: =SUM(I23:I25) -> 5430133.1 | K26: 315795.52 | M26: =SUM(M23:M25) -> 328859.24 | O26: =SUM(O23:O25) -> 13063.718 | Q26: =O26/K26 -> 0.041367648
A27: =MAX(A$13:A26)+1 -> 13 | C27: Irrigation | E27: 10 | G27: =ROUND('Rate Design'!D540+'Rate Design'!D541+'Rate Design'!D562+'Rate Design'!D563,0) -> 3540 | I27: =('Rate Design'!D559+'Rate Design'!D581)/1000 -> 242214.35 | K27: 19702.608 | M27: =('Rate Design'!M559+'Rate Design'!M581)/1000 -> 20455.028 | O27: =M27-K27 -> 752.42 | Q27: =O27/K27 -> 0.038188853
A28: =MAX(A$13:A27)+1 -> 14 | C28: Gen. Svc. Dist. Small | E28: 23 | G28: =ROUND(('Rate Design'!D754+'Rate Design'!D818)/12,0) -> 102995 | I28: =('Rate Design'!D767+'Rate Design'!D831)/1000 -> 1823052.4 | K28: 181756.15 | M28: =('Rate Design'!M767+'Rate Design'!M831)/1000 -> 188697.4 | O28: =M28-K28 -> 6941.244 | Q28: =O28/K28 -> 0.038189871
A29: =MAX(A$13:A28)+1 -> 15 | C29: Partial Req. Svc. >= 1,000 kW | E29: 31 | G29: =ROUND(('Rate Design'!D883+'Rate Design'!D897+'Rate Design'!D911)/12,0) -> 7 | I29: =('Rate Design'!D945)/1000 -> 319328.38 | K29: 19035.503 | M29: =('Rate Design'!M945)/1000 -> 19839.987 | O29: =M29-K29 -> 804.484 | Q29: =O29/K29 -> 0.042262293
A30: =MAX(A$13:A29)+1 -> 16 | C30: Svc. From Ren. Ene. Facilities | E30: 32-9 | G30: =ROUND(('Rate Design'!D1081+'Rate Design'!D1082+'Rate Design'!D1083)/12,0) -> 3 | I30: =('Rate Design'!D1124)/1000 -> 173984.21 | K30: 3855.027 | M30: =('Rate Design'!M1124-'Rate Design'!M1110-'Rate Design'!M1111)/1000 -> 4015.943 | O30: =M30-K30 -> 160.916 | Q30: =O30/K30 -> 0.041741861
A31: =MAX(A$13:A30)+1 -> 17 | C31: Svc. From Ren. Ene. Facilities | E31: 32-6 | G31: =ROUND(('Rate Design'!D1128+'Rate Design'!D1129+'Rate Design'!D1130)/12,0) -> 15 | I31: =('Rate Design'!D1170)/1000 -> 31450.823 | K31: 1618.457 | M31: =('Rate Design'!M1170-'Rate Design'!M1157)/1000 -> 1677.64 | O31: =M31-K31 -> 59.183 | Q31: =O31/K31 -> 0.036567546
A32: =MAX(A$13:A31)+1 -> 18 | C32: Svc. From Ren. Ene. Facilities | E32: 32-8 | G32: =ROUND(('Rate Design'!D1174+'Rate Design'!D1175+'Rate Design'!D1176)/12,0) -> 6 | I32: =('Rate Design'!D1217)/1000 -> 69497.999 | K32: 3583.744 | M32: =('Rate Design'!M1217-'Rate Design'!M1203)/1000 -> 3724.582 | O32: =M32-K32 -> 140.838 | Q32: =O32/K32 -> 0.039299124
A33: =MAX(A$13:A32)+1 -> 19 | C33: Subtotal Schedule 32 | G33: =SUM(G30:G32) -> 24 | I33: =SUM(I30:I32) -> 274933.04 | K33: 9057.228 | M33: =SUM(M30:M32) -> 9418.165 | O33: =SUM(O30:O32) -> 360.937 | Q33: =O33/K33 -> 0.039850714
A34: =MAX(A$13:A33)+1 -> 20 | C34: Ren. Ene. Pur. for Qlf. Cust, Option 2 | E34: 34 | G34: 1 | I34: =('Rate Design'!D1220)/1000 -> 1236762 | K34: 16875.428 | M34: =('Rate Design'!M1220)/1000 -> 16875.428 | O34: =M34-K34 -> 0 | Q34: =O34/K34 -> 0
A35: =MAX(A$13:A34)+1 -> 21 | C35: Contract 1 | G35: =ROUND(('Rate Design'!D1223)/12,0) -> 1 | I35: =('Rate Design'!D1231)/1000 -> 647000 | K35: 40829.443 | M35: =('Rate Design'!M1231)/1000 -> 42382.479 | O35: =M35-K35 -> 1553.036 | Q35: =O35/K35 -> 0.038037159
A36: =MAX(A$13:A35)+1 -> 22 | C36: Contract 3 | G36: 1 | I36: =('Rate Design'!D1248)/1000 -> 1339588 | K36: 104628.47 | M36: =('Rate Design'!M1248)/1000 -> 104628.47 | O36: =M36-K36 -> 0 | Q36: =O36/K36 -> 0
A37: =MAX(A$13:A36)+1 -> 23 | C37: AGA/Revenue Credit | K37: 7039.6781 | M37: =('Rate Design'!M1276+'Rate Design'!M1277+'Rate Design'!M1278)/1000 -> 7039.6781 | O37: =M37-K37 -> 0 | Q37: =O37/K37 -> 0
A38: =MAX(A$13:A37)+1 -> 24 | C38: Total Commercial & Industrial | G38: =SUM(G19:G20,G22:G25,G27:G32,G34:G37) -> 124073 | I38: =SUM(I19:I20,I22:I25,I27:I32,I34:I37) -> 20489616 | K38: 1488390.8 | M38: =SUM(M19:M20,M22:M25,M27:M32,M34:M37) -> 1541549.8 | O38: =SUM(O19:O20,O22:O25,O27:O32,O34:O37) -> 53159.017 | Q38: =O38/K38 -> 0.035715766
C39: Public Street Lighting
A40: =MAX(A$13:A39)+1 -> 25 | C40: Security Area Lighting | E40: 7 | G40: =ROUND(('Rate Design'!D353),0) -> 6333 | I40: =('Rate Design'!D359)/1000 -> 10030.592 | K40: 1372.352 | M40: =('Rate Design'!M359)/1000 -> 1426.482 | O40: =M40-K40 -> 54.13 | Q40: =O40/K40 -> 0.039443233
A41: =MAX(A$13:A40)+1 -> 26 | C41: Street Lighting - Company Owned | E41: 11 | G41: =ROUND(('Rate Design'!D589),0) -> 795 | I41: =('Rate Design'!D610)/1000 -> 13419.474 | K41: 3925.484 | M41: =('Rate Design'!M610)/1000 -> 4080.387 | O41: =M41-K41 -> 154.903 | Q41: =O41/K41 -> 0.039460866
A42: =MAX(A$13:A41)+1 -> 27 | C42: Street Lighting - Customer Owned | E42: 12 | G42: =ROUND(('Rate Design'!D686),0) -> 1331 | I42: =('Rate Design'!D687)/1000 -> 29890.554 | K42: 1495.651 | M42: =('Rate Design'!M687)/1000 -> 1554.244 | O42: =M42-K42 -> 58.593 | Q42: =O42/K42 -> 0.039175583
A43: =MAX(A$13:A42)+1 -> 28 | C43: Metered Outdoor Lighting | E43: 15 | G43: =ROUND(('Rate Design'!D692)/12,0) -> 780 | I43: =('Rate Design'!D696)/1000 -> 15798.909 | K43: 816.46 | M43: =('Rate Design'!M696)/1000 -> 850.422 | O43: =M43-K43 -> 33.962 | Q43: =O43/K43 -> 0.041596649
A44: =MAX(A$13:A43)+1 -> 29 | C44: Traffic Signal Systems | E44: 15 | G44: =ROUND(('Rate Design'!D726)/12,0) -> 2738 | I44: =('Rate Design'!D730)/1000 -> 8267.8917 | K44: 870.07 | M44: =('Rate Design'!M730)/1000 -> 906.258 | O44: =M44-K44 -> 36.188 | Q44: =O44/K44 -> 0.041592056
A45: =MAX(A$13:A44)+1 -> 30 | C45: Subtotal Public Street Lighting | G45: =SUM(G40:G44) -> 11977 | I45: =SUM(I40:I44) -> 77407.421 | K45: 8480.017 | M45: =SUM(M40:M44) -> 8817.793 | O45: =SUM(O40:O44) -> 337.776 | Q45: =O45/K45 -> 0.039831996
A46: =MAX(A$13:A45)+1 -> 31 | C46: Security AR LG-Contracts (PTL) | G46: =ROUND(('Rate Design'!D1255),0) -> 4 | I46: =('Rate Design'!D1256)/1000 -> 7.423 | K46: 0.56 | M46: =('Rate Design'!M1256)/1000 -> 0.56 | O46: =M46-K46 -> 0 | Q46: =O46/K46 -> 0
A47: =MAX(A$13:A46)+1 -> 32 | C47: AGA/Revenue Credit | K47: 4.66164 | M47: ='Rate Design'!M1279/1000 -> 4.66164 | O47: =M47-K47 -> 0 | Q47: =O47/K47 -> 0
A48: =MAX(A$13:A47)+1 -> 33 | C48: Total Public Street Lighting | G48: =SUM(G46:G47)+G45 -> 11981 | I48: =SUM(I46:I47)+I45 -> 77414.844 | K48: 8485.2386 | M48: =SUM(M46:M47)+M45 -> 8823.0146 | O48: =SUM(O46:O47)+O45 -> 337.776 | Q48: =O48/K48 -> 0.039807484
A49: =MAX(A$13:A48)+1 -> 34 | C49: Total Sales to Ultimate Customers | G49: =G48+G38+G17 -> 1092514 | I49: =I48+I38+I17 -> 28826512 | K49: 2444825.5 | M49: =M48+M38+M17 -> 2537758.9 | O49: =O48+O38+O17 -> 92933.438 | Q49: =O49/K49 -> 0.038012299
A50: Note:
A51: 1. Present base revenue from the last GRC price change, Docket No. 25-035-T10.
A52: 2. Total base revenue increase from the last GRC including the proposed $93m.

Sheet Rate Impact-GRC Total
A1: GRC Settlement Base Rate Impact - GRC Total
A2: Rocky Mountain Power
A3: Estimated Effect of Proposed Changes
A4: on Revenues from Electric Sales to Ultimate Consumers in Utah
A5: Base Period 12 Months Ending December 2023
A6: Forecast Period 12 Months Ending December 2025
G8: No. of | K8: Present 1 | M8: Proposed2
A9: Line | E9: Sch | G9: Customer | I9: MWh | K9: Base | M9: Base | O9: Change
A10: No. | C10: Description | E10: No. | G10: Forecast | I10: Forecast | K10: ($000) | M10: ($000) | O10: ($000) | Q10: (%)
C11: -1 | E11: =MIN($A11:D11)-1 -> -2 | G11: =MIN($A11:F11)-1 -> -3 | I11: =MIN($A11:H11)-1 -> -4 | K11: =MIN($A11:J11)-1 -> -5 | M11: =MIN($A11:L11)-1 -> -6 | O11: =MIN($A11:N11)-1 -> -7 | Q11: =MIN($A11:P11)-1 -> -8
O12: ="(" & -M11 & ")-(" & -K11 & ")" -> (6)-(5) | Q12: ="(" & -O11 & ")/(" & -K11 & ")" -> (7)/(5)
C13: Residential
A14: 1 | C14: Residential | E14: 1/3 | G14: =ROUND(('Rate Design'!D11+'Rate Design'!D30+'Rate Design'!D85)/12,0) -> 955431 | I14: =('Rate Design'!D27+'Rate Design'!D48+'Rate Design'!D102)/1000 -> 8246234.6 | K14: =('Rate Design'!I27+'Rate Design'!I48+'Rate Design'!I102)/1000 -> 903796.53 | M14: =('Rate Design'!M27+'Rate Design'!M48+'Rate Design'!M102)/1000 -> 985965.07 | O14: =M14-K14 -> 82168.544 | Q14: =O14/K14 -> 0.09091487
A15: =MAX(A$13:A14)+1 -> 2 | C15: Res. Optional TOD | E15: 2/2E | G15: =ROUND(('Rate Design'!D51+'Rate Design'!D70)/12,0) -> 1029 | I15: =('Rate Design'!D67+'Rate Design'!D82)/1000 -> 13246.398 | K15: =('Rate Design'!I67+'Rate Design'!I82)/1000 -> 1271.495 | M15: =('Rate Design'!M67+'Rate Design'!M82)/1000 -> 1383.878 | O15: =M15-K15 -> 112.383 | Q15: =O15/K15 -> 0.088386506
A16: =MAX(A$13:A15)+1 -> 3 | C16: AGA/Revenue Credit | K16: ='Rate Design'!I1275/1000 -> 37.13672 | M16: ='Rate Design'!M1275/1000 -> 37.13672 | O16: =M16-K16 -> 0 | Q16: =O16/K16 -> 0
A17: =MAX(A$13:A16)+1 -> 4 | C17: Total Residential | G17: =SUM(G14:G16) -> 956460 | I17: =SUM(I14:I16) -> 8259481 | K17: =SUM(K14:K16) -> 905105.16 | M17: =SUM(M14:M16) -> 987386.08 | O17: =SUM(O14:O16) -> 82280.927 | Q17: =O17/K17 -> 0.090907588
C18: Commercial & Industrial
A19: =MAX(A$13:A18)+1 -> 5 | C19: Gen. Svc. Dist. | E19: 6 | G19: =ROUND(('Rate Design'!D112+'Rate Design'!D168)/12,0) -> 14281 | I19: =('Rate Design'!D123+'Rate Design'!D179)/1000 -> 6403525.8 | K19: =('Rate Design'!I123+'Rate Design'!I179)/1000 -> 534791.64 | M19: =('Rate Design'!M123+'Rate Design'!M179)/1000 -> 570479.98 | O19: =M19-K19 -> 35688.341 | Q19: =O19/K19 -> 0.06673317
A20: =MAX(A$13:A19)+1 -> 6 | C20: Gen. Svc. Dist. Energy TOD | E20: 6A | G20: =ROUND(('Rate Design'!D224+'Rate Design'!D284)/12,0) -> 2827 | I20: =('Rate Design'!D236+'Rate Design'!D296)/1000 -> 380064.31 | K20: =('Rate Design'!I236+'Rate Design'!I296)/1000 -> 43017.667 | M20: =('Rate Design'!M236+'Rate Design'!M296)/1000 -> 45888.662 | O20: =M20-K20 -> 2870.995 | Q20: =O20/K20 -> 0.066739905
A21: =MAX(A$13:A20)+1 -> 7 | C21: Subtotal Schedule 6 | G21: =SUM(G19:G20) -> 17108 | I21: =SUM(I19:I20) -> 6783590.1 | K21: =SUM(K19:K20) -> 577809.3 | M21: =SUM(M19:M20) -> 616368.64 | O21: =SUM(O19:O20) -> 38559.336 | Q21: =O21/K21 -> 0.066733671
A22: =MAX(A$13:A21)+1 -> 8 | C22: Gen. Svc. Dist. > 1,000 kW | E22: 8 | G22: =ROUND(('Rate Design'!D389+'Rate Design'!D445)/12,0) -> 223 | I22: =('Rate Design'!D400+'Rate Design'!D456)/1000 -> 2393014.3 | K22: =('Rate Design'!I400+'Rate Design'!I456)/1000 -> 174469.02 | M22: =('Rate Design'!M400+'Rate Design'!M456)/1000 -> 186985.3 | O22: =M22-K22 -> 12516.283 | Q22: =O22/K22 -> 0.071739286
A23: =MAX(A$13:A22)+1 -> 9 | C23: Gen. Svc. High Voltage | E23: 9 | G23: =ROUND(('Rate Design'!D459)/12,0) -> 164 | I23: =('Rate Design'!D470)/1000 -> 5060524.4 | K23: =('Rate Design'!I470)/1000 -> 281744.34 | M23: =('Rate Design'!M470)/1000 -> 305776.22 | O23: =M23-K23 -> 24031.877 | Q23: =O23/K23 -> 0.085296751
A24: =MAX(A$13:A23)+1 -> 10 | C24: Gen. Svc. High Voltage, Former Contract 2 | E24: 9-C2 | G24: =ROUND(('Rate Design'!D1234)/12,0) -> 1 | I24: =('Rate Design'!D1242)/1000 -> 324160 | K24: =('Rate Design'!I1242)/1000 -> 16067.134 | M24: =('Rate Design'!M1242)/1000 -> 19493.902 | O24: =M24-K24 -> 3426.768 | Q24: =O24/K24 -> 0.21327811
A25: =MAX(A$13:A24)+1 -> 11 | C25: Gen. Svc. H.V. Energy TOD | E25: 9A | G25: =ROUND(('Rate Design'!D501)/12,0) -> 8 | I25: =('Rate Design'!D511)/1000 -> 45448.732 | K25: =('Rate Design'!I511)/1000 -> 2817.835 | M25: =('Rate Design'!M511)/1000 -> 3589.121 | O25: =M25-K25 -> 771.286 | Q25: =O25/K25 -> 0.27371581
A26: =MAX(A$13:A25)+1 -> 12 | C26: Subtotal Schedule 9 | G26: =SUM(G23:G25) -> 173 | I26: =SUM(I23:I25) -> 5430133.1 | K26: =SUM(K23:K25) -> 300629.31 | M26: =SUM(M23:M25) -> 328859.24 | O26: =SUM(O23:O25) -> 28229.931 | Q26: =O26/K26 -> 0.09390279
A27: =MAX(A$13:A26)+1 -> 13 | C27: Irrigation | E27: 10 | G27: =ROUND('Rate Design'!D540+'Rate Design'!D541+'Rate Design'!D562+'Rate Design'!D563,0) -> 3540 | I27: =('Rate Design'!D559+'Rate Design'!D581)/1000 -> 242214.35 | K27: =('Rate Design'!I559+'Rate Design'!I581)/1000 -> 19068.065 | M27: =('Rate Design'!M559+'Rate Design'!M581)/1000 -> 20455.028 | O27: =M27-K27 -> 1386.963 | Q27: =O27/K27 -> 0.07273748
A28: =MAX(A$13:A27)+1 -> 14 | C28: Gen. Svc. Dist. Small | E28: 23 | G28: =ROUND(('Rate Design'!D754+'Rate Design'!D818)/12,0) -> 102995 | I28: =('Rate Design'!D767+'Rate Design'!D831)/1000 -> 1823052.4 | K28: =('Rate Design'!I767+'Rate Design'!I831)/1000 -> 175902.86 | M28: =('Rate Design'!M767+'Rate Design'!M831)/1000 -> 188697.4 | O28: =M28-K28 -> 12794.538 | Q28: =O28/K28 -> 0.072736384
A29: =MAX(A$13:A28)+1 -> 15 | C29: Partial Req. Svc. >= 1,000 kW | E29: 31 | G29: =ROUND(('Rate Design'!D883+'Rate Design'!D897+'Rate Design'!D911)/12,0) -> 7 | I29: =('Rate Design'!D945)/1000 -> 319328.38 | K29: =('Rate Design'!I945)/1000 -> 18496.418 | M29: =('Rate Design'!M945)/1000 -> 19839.987 | O29: =M29-K29 -> 1343.569 | Q29: =O29/K29 -> 0.072639416
A30: =MAX(A$13:A29)+1 -> 16 | C30: Svc. From Ren. Ene. Facilities | E30: 32-9 | G30: =ROUND(('Rate Design'!D1081+'Rate Design'!D1082+'Rate Design'!D1083)/12,0) -> 3 | I30: =('Rate Design'!D1124)/1000 -> 173984.21 | K30: =('Rate Design'!I1124-'Rate Design'!I1110-'Rate Design'!I1111)/1000 -> 3951.837 | M30: =('Rate Design'!M1124-'Rate Design'!M1110-'Rate Design'!M1111)/1000 -> 4015.943 | O30: =M30-K30 -> 64.106 | Q30: =O30/K30 -> 0.016221823
A31: =MAX(A$13:A30)+1 -> 17 | C31: Svc. From Ren. Ene. Facilities | E31: 32-6 | G31: =ROUND(('Rate Design'!D1128+'Rate Design'!D1129+'Rate Design'!D1130)/12,0) -> 15 | I31: =('Rate Design'!D1170)/1000 -> 31450.823 | K31: =('Rate Design'!I1170-'Rate Design'!I1157)/1000 -> 1661.093 | M31: =('Rate Design'!M1170-'Rate Design'!M1157)/1000 -> 1677.64 | O31: =M31-K31 -> 16.547 | Q31: =O31/K31 -> 0.0099615133
A32: =MAX(A$13:A31)+1 -> 18 | C32: Svc. From Ren. Ene. Facilities | E32: 32-8 | G32: =ROUND(('Rate Design'!D1174+'Rate Design'!D1175+'Rate Design'!D1176)/12,0) -> 6 | I32: =('Rate Design'!D1217)/1000 -> 69497.999 | K32: =('Rate Design'!I1217-'Rate Design'!I1203)/1000 -> 3588.193 | M32: =('Rate Design'!M1217-'Rate Design'!M1203)/1000 -> 3724.582 | O32: =M32-K32 -> 136.389 | Q32: =O32/K32 -> 0.038010497
A33: =MAX(A$13:A32)+1 -> 19 | C33: Subtotal Schedule 32 | G33: =SUM(G30:G32) -> 24 | I33: =SUM(I30:I32) -> 274933.04 | K33: =SUM(K30:K32) -> 9201.123 | M33: =SUM(M30:M32) -> 9418.165 | O33: =SUM(O30:O32) -> 217.042 | Q33: =O33/K33 -> 0.023588642
A34: =MAX(A$13:A33)+1 -> 20 | C34: Ren. Ene. Pur. for Qlf. Cust, Option 2 | E34: 34 | G34: 1 | I34: =('Rate Design'!D1220)/1000 -> 1236762 | K34: =('Rate Design'!I1220)/1000 -> 16875.428 | M34: =('Rate Design'!M1220)/1000 -> 16875.428 | O34: =M34-K34 -> 0 | Q34: =O34/K34 -> 0
A35: =MAX(A$13:A34)+1 -> 21 | C35: Contract 1 | G35: =ROUND(('Rate Design'!D1223)/12,0) -> 1 | I35: =('Rate Design'!D1231)/1000 -> 647000 | K35: =('Rate Design'!I1231)/1000 -> 39362.118 | M35: =('Rate Design'!M1231)/1000 -> 42382.479 | O35: =M35-K35 -> 3020.361 | Q35: =O35/K35 -> 0.076732685
A36: =MAX(A$13:A35)+1 -> 22 | C36: Contract 3 | G36: 1 | I36: =('Rate Design'!D1248)/1000 -> 1339588 | K36: =('Rate Design'!I1248)/1000 -> 104628.47 | M36: =('Rate Design'!M1248)/1000 -> 104628.47 | O36: =M36-K36 -> 0 | Q36: =O36/K36 -> 0
A37: =MAX(A$13:A36)+1 -> 23 | C37: AGA/Revenue Credit | K37: =('Rate Design'!I1276+'Rate Design'!I1277+'Rate Design'!I1278)/1000 -> 7039.6781 | M37: =('Rate Design'!M1276+'Rate Design'!M1277+'Rate Design'!M1278)/1000 -> 7039.6781 | O37: =M37-K37 -> 0 | Q37: =O37/K37 -> 0
A38: =MAX(A$13:A37)+1 -> 24 | C38: Total Commercial & Industrial | G38: =SUM(G19:G20,G22:G25,G27:G32,G34:G37) -> 124073 | I38: =SUM(I19:I20,I22:I25,I27:I32,I34:I37) -> 20489616 | K38: =SUM(K19:K20,K22:K25,K27:K32,K34:K37) -> 1443481.8 | M38: =SUM(M19:M20,M22:M25,M27:M32,M34:M37) -> 1541549.8 | O38: =SUM(O19:O20,O22:O25,O27:O32,O34:O37) -> 98068.023 | Q38: =O38/K38 -> 0.067938524
C39: Public Street Lighting
A40: =MAX(A$13:A39)+1 -> 25 | C40: Security Area Lighting | E40: 7 | G40: =ROUND(('Rate Design'!D353),0) -> 6333 | I40: =('Rate Design'!D359)/1000 -> 10030.592 | K40: =('Rate Design'!I359)/1000 -> 1362.222 | M40: =('Rate Design'!M359)/1000 -> 1426.482 | O40: =M40-K40 -> 64.26 | Q40: =O40/K40 -> 0.047172928
A41: =MAX(A$13:A40)+1 -> 26 | C41: Street Lighting - Company Owned | E41: 11 | G41: =ROUND(('Rate Design'!D589),0) -> 795 | I41: =('Rate Design'!D610)/1000 -> 13419.474 | K41: =('Rate Design'!I610)/1000 -> 3897.334 | M41: =('Rate Design'!M610)/1000 -> 4080.387 | O41: =M41-K41 -> 183.053 | Q41: =O41/K41 -> 0.046968774
A42: =MAX(A$13:A41)+1 -> 27 | C42: Street Lighting - Customer Owned | E42: 12 | G42: =ROUND(('Rate Design'!D686),0) -> 1331 | I42: =('Rate Design'!D687)/1000 -> 29890.554 | K42: =('Rate Design'!I687)/1000 -> 1484.842 | M42: =('Rate Design'!M687)/1000 -> 1554.244 | O42: =M42-K42 -> 69.402 | Q42: =O42/K42 -> 0.046740327
A43: =MAX(A$13:A42)+1 -> 28 | C43: Metered Outdoor Lighting | E43: 15 | G43: =ROUND(('Rate Design'!D692)/12,0) -> 780 | I43: =('Rate Design'!D696)/1000 -> 15798.909 | K43: =('Rate Design'!I696)/1000 -> 779.554 | M43: =('Rate Design'!M696)/1000 -> 850.422 | O43: =M43-K43 -> 70.868 | Q43: =O43/K43 -> 0.090908391
A44: =MAX(A$13:A43)+1 -> 29 | C44: Traffic Signal Systems | E44: 15 | G44: =ROUND(('Rate Design'!D726)/12,0) -> 2738 | I44: =('Rate Design'!D730)/1000 -> 8267.8917 | K44: =('Rate Design'!I730)/1000 -> 830.742 | M44: =('Rate Design'!M730)/1000 -> 906.258 | O44: =M44-K44 -> 75.516 | Q44: =O44/K44 -> 0.090901868
A45: =MAX(A$13:A44)+1 -> 30 | C45: Subtotal Public Street Lighting | G45: =SUM(G40:G44) -> 11977 | I45: =SUM(I40:I44) -> 77407.421 | K45: =SUM(K40:K44) -> 8354.694 | M45: =SUM(M40:M44) -> 8817.793 | O45: =SUM(O40:O44) -> 463.099 | Q45: =O45/K45 -> 0.055429798
A46: =MAX(A$13:A45)+1 -> 31 | C46: Security AR LG-Contracts (PTL) | G46: =ROUND(('Rate Design'!D1255),0) -> 4 | I46: =('Rate Design'!D1256)/1000 -> 7.423 | K46: =('Rate Design'!I1256)/1000 -> 0.56 | M46: =('Rate Design'!M1256)/1000 -> 0.56 | O46: =M46-K46 -> 0 | Q46: =O46/K46 -> 0
A47: =MAX(A$13:A46)+1 -> 32 | C47: AGA/Revenue Credit | K47: ='Rate Design'!I1279/1000 -> 4.66164 | M47: ='Rate Design'!M1279/1000 -> 4.66164 | O47: =M47-K47 -> 0 | Q47: =O47/K47 -> 0
A48: =MAX(A$13:A47)+1 -> 33 | C48: Total Public Street Lighting | G48: =SUM(G46:G47)+G45 -> 11981 | I48: =SUM(I46:I47)+I45 -> 77414.844 | K48: =SUM(K46:K47)+K45 -> 8359.9156 | M48: =SUM(M46:M47)+M45 -> 8823.0146 | O48: =SUM(O46:O47)+O45 -> 463.099 | Q48: =O48/K48 -> 0.055395176
A49: =MAX(A$13:A48)+1 -> 34 | C49: Total Sales to Ultimate Customers | G49: =G48+G38+G17 -> 1092514 | I49: =I48+I38+I17 -> 28826512 | K49: =K48+K38+K17 -> 2356946.9 | M49: =M48+M38+M17 -> 2537758.9 | O49: =O48+O38+O17 -> 180812.05 | Q49: =O49/K49 -> 0.07671452
A50: Note:
A51: 1. Present base revenue prior to the last GRC price change.
A52: 2. Total base revenue increase from the last GRC including the proposed $93m.

Sheet Rate Spread
A1: GRC Settlement Rate Spread - GRC Total
A2: Rocky Mountain Power
A3: Estimated Effect of Proposed Changes
A4: on Revenues from Electric Sales to Ultimate Consumers in Utah
A5: Base Period 12 Months Ending December 2023
A6: Forecast Period 12 Months Ending December 2025
G8: No. of | K8: Present 1 | M8: Proposed Base2 | P8: Sch 92 Deferral
A9: Line | E9: Sch | G9: Customer | I9: MWh | K9: Base | M9: Base | N9: Change | P9: Present3 | R9: Proposed4
A10: No. | C10: Description | E10: No. | G10: Forecast | I10: Forecast | K10: ($000) | M10: ($000) | N10: ($000) | O10: (%) | P10: ($000) | Q10: Rate (%) | R10: ($000) | S10: Rate (%)
C11: -1 | E11: =MIN($A11:D11)-1 -> -2 | G11: =MIN($A11:F11)-1 -> -3 | I11: =MIN($A11:H11)-1 -> -4 | K11: =MIN($A11:J11)-1 -> -5 | M11: =MIN($A11:L11)-1 -> -6 | N11: =MIN($A11:M11)-1 -> -7 | O11: =MIN($A11:N11)-1 -> -8 | P11: =MIN($A11:O11)-1 -> -9 | Q11: =MIN($A11:P11)-1 -> -10 | R11: =MIN($A11:Q11)-1 -> -11 | S11: =MIN($A11:R11)-1 -> -12
N12: =CONCATENATE("(",-M11,")-(",-K11,")") -> (6)-(5) | O12: =CONCATENATE("(",-N11,")/(",-K11,")") -> (7)/(5) | Q12: =CONCATENATE("(",-P11,")/[(",-M11,")*4.7/12]") -> (9)/[(6)*4.7/12] | S12: =CONCATENATE("(",-R11,")/[(",-M11,")*3.2/12]") -> (11)/[(6)*3.2/12]
C13: Residential
A14: 1 | C14: Residential | E14: 1/3 | G14: =ROUND(('Rate Design'!D11+'Rate Design'!D30+'Rate Design'!D85)/12,0) -> 955431 | I14: =('Rate Design'!D27+'Rate Design'!D48+'Rate Design'!D102)/1000 -> 8246234.6 | K14: =('Rate Design'!I27+'Rate Design'!I48+'Rate Design'!I102)/1000 -> 903796.53 | M14: =K14+N14 -> 985957.38 | N14: =$K14*O14 -> 82160.855 | O14: =M$55 -> 0.090906363 | P14: =$N14/$N$49*P$52 -> 4542.6922 | Q14: =ROUND(P14/($M14*P$58/12),4) -> 0.0117 | R14: =$N14/$N$49*R$52 -> 4678.0396 | S14: =ROUND(R14/($M14*R$58/12),4) -> 0.0178 | U14: =N14/K14-O14 -> 0 | V14: =M14-'Rate Impact-GRC Total'!M14 -> -7.6888592 | W14: =Q14*M14/12*$P$58 -> 4527.4527 | X14: =S14*M14/12*$R$58 -> 4680.011
A15: =MAX(A$13:A14)+1 -> 2 | C15: Res. Optional TOD | E15: 2/2E | G15: =ROUND(('Rate Design'!D51+'Rate Design'!D70)/12,0) -> 1029 | I15: =('Rate Design'!D67+'Rate Design'!D82)/1000 -> 13246.398 | K15: =('Rate Design'!I67+'Rate Design'!I82)/1000 -> 1271.495 | M15: =K15+N15 -> 1387.082 | N15: =$K15*O15 -> 115.58699 | O15: =M$55 -> 0.090906363 | P15: =$N15/$N$49*P$52 -> 6.3908306 | Q15: =ROUND(P15/($M15*P$58/12),4) -> 0.0117 | R15: =$N15/$N$49*R$52 -> 6.5812423 | S15: =ROUND(R15/($M15*R$58/12),4) -> 0.0178 | U15: =N15/K15-O15 -> 0 | V15: =M15-'Rate Impact-GRC Total'!M15 -> 3.2039861 | W15: =Q15*M15/12*$P$58 -> 6.369391 | X15: =S15*M15/12*$R$58 -> 6.5840158
A16: =MAX(A$13:A15)+1 -> 3 | C16: AGA/Revenue Credit | K16: ='Rate Design'!I1275/1000 -> 37.13672 | M16: =K16+N16 -> 37.13672 | N16: =$K16*O16 -> 0 | O16: 0 | U16: =N16/K16-O16 -> 0 | V16: =M16-'Rate Impact-GRC Total'!M16 -> 0 | W16: =Q16*M16/12*$P$58 -> 0 | X16: =S16*M16/12*$R$58 -> 0
A17: =MAX(A$13:A16)+1 -> 4 | C17: Total Residential | G17: =SUM(G14:G16) -> 956460 | I17: =SUM(I14:I16) -> 8259481 | K17: =SUM(K14:K16) -> 905105.16 | M17: =SUM(M14:M16) -> 987381.6 | N17: =SUM(N14:N16) -> 82276.442 | O17: =N17/$K17 -> 0.090902633 | U17: =N17/K17-O17 -> 0 | V17: =M17-'Rate Impact-GRC Total'!M17 -> -4.484873
C18: Commercial & Industrial
A19: =MAX(A$13:A18)+1 -> 5 | C19: Gen. Svc. Dist. | E19: 6 | G19: =ROUND(('Rate Design'!D112+'Rate Design'!D168)/12,0) -> 14281 | I19: =('Rate Design'!D123+'Rate Design'!D179)/1000 -> 6403525.8 | K19: =('Rate Design'!I123+'Rate Design'!I179)/1000 -> 534791.64 | M19: =K19+N19 -> 570481.75 | N19: =$K19*O19 -> 35690.109 | O19: =M$56 -> 0.066736475 | P19: =($N$19+$N$31)/$N$49*P$52*$N19/($N$19+$N$31) -> 1973.3142 | Q19: =ROUND((P19+P31)/(($M19+$M31)*P$58/12),4) -> 0.0088 | R19: =($N$19+$N$31)/$N$49*R$52*$N19/($N$19+$N$31) -> 2032.1081 | S19: =ROUND((R19+R31)/(($M19+$M31)*R$58/12),4) -> 0.0134 | U19: =N19/K19-O19 -> 0 | V19: =M19-'Rate Impact-GRC Total'!M19 -> 1.7675386 | W19: =Q19*M19/12*$P$58 -> 1970.309 | X19: =S19*M19/12*$R$58 -> 2038.5214
A20: =MAX(A$13:A19)+1 -> 6 | C20: Gen. Svc. Dist. Energy TOD | E20: 6A | G20: =ROUND(('Rate Design'!D224+'Rate Design'!D284)/12,0) -> 2827 | I20: =('Rate Design'!D236+'Rate Design'!D296)/1000 -> 380064.31 | K20: =('Rate Design'!I236+'Rate Design'!I296)/1000 -> 43017.667 | M20: =K20+N20 -> 45888.514 | N20: =$K20*O20 -> 2870.8474 | O20: =M$56 -> 0.066736475 | P20: =$N20/$N$49*P$52 -> 158.7298 | Q20: =ROUND(P20/($M20*P$58/12),4) -> 0.0088 | R20: =$N20/$N$49*R$52 -> 163.45908 | S20: =ROUND(R20/($M20*R$58/12),4) -> 0.0134 | U20: =N20/K20-O20 -> 0 | V20: =M20-'Rate Impact-GRC Total'!M20 -> -0.14755571 | W20: =Q20*M20/12*$P$58 -> 158.48807 | X20: =S20*M20/12*$R$58 -> 163.97496
A21: =MAX(A$13:A20)+1 -> 7 | C21: Subtotal Schedule 6 | G21: =SUM(G19:G20) -> 17108 | I21: =SUM(I19:I20) -> 6783590.1 | K21: =SUM(K19:K20) -> 577809.3 | M21: =SUM(M19:M20) -> 616370.26 | N21: =SUM(N19:N20) -> 38560.956 | O21: =N21/$K21 -> 0.066736475 | U21: =N21/K21-O21 -> 0 | V21: =M21-'Rate Impact-GRC Total'!M21 -> 1.6199829
A22: =MAX(A$13:A21)+1 -> 8 | C22: Gen. Svc. Dist. > 1,000 kW | E22: 8 | G22: =ROUND(('Rate Design'!D389+'Rate Design'!D445)/12,0) -> 223 | I22: =('Rate Design'!D400+'Rate Design'!D456)/1000 -> 2393014.3 | K22: =('Rate Design'!I400+'Rate Design'!I456)/1000 -> 174469.02 | M22: =K22+N22 -> 186984.81 | N22: =$K22*O22 -> 12515.793 | O22: =M57 -> 0.071736475 | P22: =($N$22+$N$32)/$N$49*P$52*$N22/($N$22+$N$32) -> 692.00099 | Q22: =ROUND((P22+P32)/(($M22+$M32)*P$58/12),4) -> 0.0095 | R22: =($N$22+$N$32)/$N$49*R$52*$N22/($N$22+$N$32) -> 712.61883 | S22: =ROUND((R22+R32)/(($M22+$M32)*R$58/12),4) -> 0.0144 | U22: =N22/K22-O22 -> 0 | V22: =M22-'Rate Impact-GRC Total'!M22 -> -0.49049361 | W22: =Q22*M22/12*$P$58 -> 697.17187 | X22: =S22*M22/12*$R$58 -> 718.02168
A23: =MAX(A$13:A22)+1 -> 9 | C23: Gen. Svc. High Voltage | E23: 9 | G23: =ROUND(('Rate Design'!D459)/12,0) -> 164 | I23: =('Rate Design'!D470)/1000 -> 5060524.4 | K23: =('Rate Design'!I470)/1000 -> 281744.34 | M23: =K23+N23 -> 307356.69 | N23: =$K23*O23 -> 25612.353 | O23: =M$58 -> 0.090906363 | P23: =($N$23+$N$24+$N$30)/$N$49*P$52*$N23/($N$23+$N$24+$N$30) -> 1416.1128 | Q23: =ROUND((P23+P24+P30)/(($M23+$M24+$M30)*P$58/12),4) -> 0.0117 | R23: =($N$23+$N$24+$N$30)/$N$49*R$52*$N23/($N$23+$N$24+$N$30) -> 1458.3052 | S23: =ROUND((R23+R24+R30)/(($M23+$M24+$M30)*R$58/12),4) -> 0.0178 | U23: =N23/K23-O23 -> 0 | V23: =M23-'Rate Impact-GRC Total'!M23 -> 1580.4764 | W23: =Q23*M23/12*$P$58 -> 1411.3621 | X23: =S23*M23/12*$R$58 -> 1458.9198
A24: =MAX(A$13:A23)+1 -> 10 | C24: Gen. Svc. High Voltage, Former Contract 2 | E24: 9-C2 | G24: =ROUND(('Rate Design'!D1234)/12,0) -> 1 | I24: =('Rate Design'!D1242)/1000 -> 324160 | K24: =('Rate Design'!I1242)/1000 -> 16067.134 | M24: =K24+N24 -> 17527.739 | N24: =$K24*O24 -> 1460.6047 | O24: =M$58 -> 0.090906363 | P24: =($N$23+$N$24+$N$30)/$N$49*P$52*$N24/($N$23+$N$24+$N$30) -> 80.757165 | Q24: =Q23 -> 0.0117 | R24: =($N$23+$N$24+$N$30)/$N$49*R$52*$N24/($N$23+$N$24+$N$30) -> 83.163286 | S24: =S23 -> 0.0178 | U24: =N24/K24-O24 -> 0 | V24: =M24-'Rate Impact-GRC Total'!M24 -> -1966.1633 | W24: =Q24*M24/12*$P$58 -> 80.486245 | X24: =S24*M24/12*$R$58 -> 83.198333
A25: =MAX(A$13:A24)+1 -> 11 | C25: Gen. Svc. H.V. Energy TOD | E25: 9A | G25: =ROUND(('Rate Design'!D501)/12,0) -> 8 | I25: =('Rate Design'!D511)/1000 -> 45448.732 | K25: =('Rate Design'!I511)/1000 -> 2817.835 | M25: =K25+N25 -> 3073.9941 | N25: =$K25*O25 -> 256.15913 | O25: =M$58 -> 0.090906363 | P25: =$N25/$N$49*P$52 -> 14.163096 | Q25: =ROUND(P25/($M25*P$58/12),4) -> 0.0117 | R25: =$N25/$N$49*R$52 -> 14.585079 | S25: =ROUND(R25/($M25*R$58/12),4) -> 0.0178 | U25: =N25/K25-O25 -> 0 | V25: =M25-'Rate Impact-GRC Total'!M25 -> -515.12687 | W25: =Q25*M25/12*$P$58 -> 14.115583 | X25: =S25*M25/12*$R$58 -> 14.591225
A26: =MAX(A$13:A25)+1 -> 12 | C26: Subtotal Schedule 9 | G26: =SUM(G23:G25) -> 173 | I26: =SUM(I23:I25) -> 5430133.1 | K26: =SUM(K23:K25) -> 300629.31 | M26: =SUM(M23:M25) -> 327958.43 | N26: =SUM(N23:N25) -> 27329.117 | O26: =N26/$K26 -> 0.090906363 | U26: =N26/K26-O26 -> 0 | V26: =M26-'Rate Impact-GRC Total'!M26 -> -900.81379
A27: =MAX(A$13:A26)+1 -> 13 | C27: Irrigation | E27: 10 | G27: =ROUND('Rate Design'!D540+'Rate Design'!D541+'Rate Design'!D562+'Rate Design'!D563,0) -> 3540 | I27: =('Rate Design'!D559+'Rate Design'!D581)/1000 -> 242214.35 | K27: =('Rate Design'!I559+'Rate Design'!I581)/1000 -> 19068.065 | M27: =K27+N27 -> 20455.009 | N27: =$K27*O27 -> 1386.9438 | O27: =M59 -> 0.072736475 | P27: =$N27/$N$49*P$52 -> 76.684437 | Q27: =ROUND(P27/($M27*P$58/12),4) -> 0.0096 | R27: =$N27/$N$49*R$52 -> 78.969213 | S27: =ROUND(R27/($M27*R$58/12),4) -> 0.0145 | U27: =N27/K27-O27 -> 0 | V27: =M27-'Rate Impact-GRC Total'!M27 -> -0.019173043 | W27: =Q27*M27/12*$P$58 -> 77.069195 | X27: =S27*M27/12*$R$58 -> 79.092701
A28: =MAX(A$13:A27)+1 -> 14 | C28: Gen. Svc. Dist. Small | E28: 23 | G28: =ROUND(('Rate Design'!D754+'Rate Design'!D818)/12,0) -> 102995 | I28: =('Rate Design'!D767+'Rate Design'!D831)/1000 -> 1823052.4 | K28: =('Rate Design'!I767+'Rate Design'!I831)/1000 -> 175902.86 | M28: =K28+N28 -> 188697.41 | N28: =$K28*O28 -> 12794.554 | O28: =M60 -> 0.072736475 | P28: =$N28/$N$49*P$52 -> 707.41377 | Q28: =ROUND(P28/($M28*P$58/12),4) -> 0.0096 | R28: =$N28/$N$49*R$52 -> 728.49083 | S28: =ROUND(R28/($M28*R$58/12),4) -> 0.0145 | U28: =N28/K28-O28 -> 0 | V28: =M28-'Rate Impact-GRC Total'!M28 -> 0.015921499 | W28: =Q28*M28/12*$P$58 -> 710.96316 | X28: =S28*M28/12*$R$58 -> 729.63
A29: =MAX(A$13:A28)+1 -> 15 | C29: Partial Req. Svc. >= 1,000 kW | E29: 31 | G29: =ROUND(('Rate Design'!D883+'Rate Design'!D897+'Rate Design'!D911)/12,0) -> 7 | I29: =('Rate Design'!D945)/1000 -> 319328.38 | K29: =('Rate Design'!I945)/1000 -> 18496.418 | M29: =K29+N29 -> 20177.86 | N29: =$K29*O29 -> 1681.4421 | O29: =M$58 -> 0.090906363 | P29: =$N29/$N$49*P$52 -> 92.967313 | Q29: =ROUND(P29/($M29*P$58/12),4) -> 0.0117 | R29: =$N29/$N$49*R$52 -> 95.737229 | S29: =ROUND(R29/($M29*R$58/12),4) -> 0.0178 | U29: =N29/K29-O29 -> 0 | V29: =M29-'Rate Impact-GRC Total'!M29 -> 337.87309 | W29: =Q29*M29/12*$P$58 -> 92.655432 | X29: =S29*M29/12*$R$58 -> 95.777576
A30: =MAX(A$13:A29)+1 -> 16 | C30: Svc. From Ren. Ene. Facilities | E30: 32-9 | G30: =ROUND(('Rate Design'!D1081+'Rate Design'!D1082+'Rate Design'!D1083)/12,0) -> 3 | I30: =('Rate Design'!D1124)/1000 -> 173984.21 | K30: =('Rate Design'!I1124-'Rate Design'!I1110-'Rate Design'!I1111)/1000 -> 3951.837 | M30: =K30+N30 -> 4311.0841 | N30: =$K30*O30 -> 359.24713 | O30: =M$58 -> 0.090906363 | P30: =($N$23+$N$24+$N$30)/$N$49*P$52*$N30/($N$23+$N$24+$N$30) -> 19.862855 | Q30: =Q23 -> 0.0117 | R30: =($N$23+$N$24+$N$30)/$N$49*R$52*$N30/($N$23+$N$24+$N$30) -> 20.454659 | S30: =S23 -> 0.0178 | U30: =N30/K30-O30 -> 0 | V30: =M30-'Rate Impact-GRC Total'!M30 -> 295.14113 | W30: =Q30*M30/12*$P$58 -> 19.79622 | X30: =S30*M30/12*$R$58 -> 20.463279
A31: =MAX(A$13:A30)+1 -> 17 | C31: Svc. From Ren. Ene. Facilities | E31: 32-6 | G31: =ROUND(('Rate Design'!D1128+'Rate Design'!D1129+'Rate Design'!D1130)/12,0) -> 15 | I31: =('Rate Design'!D1170)/1000 -> 31450.823 | K31: =('Rate Design'!I1170-'Rate Design'!I1157)/1000 -> 1661.093 | M31: =K31+N31 -> 1812.0969 | N31: =$K31*O31 -> 151.00392 | O31: =M$58 -> 0.090906363 | P31: =($N$19+$N$31)/$N$49*P$52*$N31/($N$19+$N$31) -> 8.349041 | Q31: =Q19 -> 0.0088 | R31: =($N$19+$N$31)/$N$49*R$52*$N31/($N$19+$N$31) -> 8.5977967 | S31: =S19 -> 0.0134 | U31: =N31/K31-O31 -> 0 | V31: =M31-'Rate Impact-GRC Total'!M31 -> 134.45692 | W31: =Q31*M31/12*$P$58 -> 6.2585541 | X31: =S31*M31/12*$R$58 -> 6.4752263
A32: =MAX(A$13:A31)+1 -> 18 | C32: Svc. From Ren. Ene. Facilities | E32: 32-8 | G32: =ROUND(('Rate Design'!D1174+'Rate Design'!D1175+'Rate Design'!D1176)/12,0) -> 6 | I32: =('Rate Design'!D1217)/1000 -> 69497.999 | K32: =('Rate Design'!I1217-'Rate Design'!I1203)/1000 -> 3588.193 | M32: =K32+N32 -> 3914.3826 | N32: =$K32*O32 -> 326.18958 | O32: =M$58 -> 0.090906363 | P32: =($N$22+$N$32)/$N$49*P$52*$N32/($N$22+$N$32) -> 18.035095 | Q32: =Q22 -> 0.0095 | R32: =($N$22+$N$32)/$N$49*R$52*$N32/($N$22+$N$32) -> 18.572442 | S32: =S22 -> 0.0144 | U32: =N32/K32-O32 -> 0 | V32: =M32-'Rate Impact-GRC Total'!M32 -> 189.80058 | W32: =Q32*M32/12*$P$58 -> 14.594754 | X32: =S32*M32/12*$R$58 -> 15.031229
A33: =MAX(A$13:A32)+1 -> 19 | C33: Subtotal Schedule 32 | G33: =SUM(G30:G32) -> 24 | I33: =SUM(I30:I32) -> 274933.04 | K33: =SUM(K30:K32) -> 9201.123 | M33: =SUM(M30:M32) -> 10037.564 | N33: =SUM(N30:N32) -> 836.44063 | O33: =N33/$K33 -> 0.090906363 | U33: =N33/K33-O33 -> 0 | V33: =M33-'Rate Impact-GRC Total'!M33 -> 619.39863
A34: =MAX(A$13:A33)+1 -> 20 | C34: Ren. Ene. Pur. for Qlf. Cust, Option 2 | E34: 34 | G34: 1 | I34: =('Rate Design'!D1220)/1000 -> 1236762 | K34: =('Rate Design'!I1220)/1000 -> 16875.428 | M34: =K34+N34 -> 16875.428 | N34: =$K34*O34 -> 0 | O34: 0 | P34: =$N34/$N$49*P$52 -> 0 | Q34: =ROUND(P34/($M34*P$58/12),4) -> 0 | R34: =$N34/$N$49*R$52 -> 0 | S34: =ROUND(R34/($M34*R$58/12),4) -> 0 | U34: =N34/K34-O34 -> 0 | V34: =M34-'Rate Impact-GRC Total'!M34 -> 0 | W34: =Q34*M34/12*$P$58 -> 0 | X34: =S34*M34/12*$R$58 -> 0
A35: =MAX(A$13:A34)+1 -> 21 | C35: Contract 1 | G35: =ROUND(('Rate Design'!D1223)/12,0) -> 1 | I35: =('Rate Design'!D1231)/1000 -> 647000 | K35: =('Rate Design'!I1231)/1000 -> 39362.118 | M35: =K35+N35 -> 42382.628 | N35: =$K35*O35 -> 3020.5102 | O35: =M53 -> 0.076736475 | P35: =$N35/$N$49*P$52 -> 167.00469 | Q35: =ROUND(P35/($M35*P$58/12),4) -> 0.01 | R35: =$N35/$N$49*R$52 -> 171.98051 | S35: =ROUND(R35/($M35*R$58/12),4) -> 0.0152 | U35: =N35/K35-O35 -> 0 | V35: =M35-'Rate Impact-GRC Total'!M35 -> 0.14917103 | W35: =Q35*M35/12*$P$58 -> 166.34042 | X35: =S35*M35/12*$R$58 -> 171.79092
A36: =MAX(A$13:A35)+1 -> 22 | C36: Contract 3 | G36: 1 | I36: =('Rate Design'!D1248)/1000 -> 1339588 | K36: =('Rate Design'!I1248)/1000 -> 104628.47 | M36: =K36+N36 -> 104628.47 | N36: =$K36*O36 -> 0 | O36: 0 | P36: =$N36/$N$49*P$52 -> 0 | Q36: =ROUND(P36/($M36*P$58/12),4) -> 0 | R36: =$N36/$N$49*R$52 -> 0 | S36: =ROUND(R36/($M36*R$58/12),4) -> 0 | U36: =N36/K36-O36 -> 0 | V36: =M36-'Rate Impact-GRC Total'!M36 -> 0 | W36: =Q36*M36/12*$P$58 -> 0 | X36: =S36*M36/12*$R$58 -> 0
A37: =MAX(A$13:A36)+1 -> 23 | C37: AGA/Revenue Credit | K37: =('Rate Design'!I1276+'Rate Design'!I1277+'Rate Design'!I1278)/1000 -> 7039.6781 | M37: =K37+N37 -> 7039.6781 | N37: =$K37*O37 -> 0 | O37: 0 | U37: =N37/K37-O37 -> 0 | V37: =M37-'Rate Impact-GRC Total'!M37 -> 0
A38: =MAX(A$13:A37)+1 -> 24 | C38: Total Commercial & Industrial | G38: =SUM(G19:G20,G22:G25,G27:G32,G34:G37) -> 124073 | I38: =SUM(I19:I20,I22:I25,I27:I32,I34:I37) -> 20489616 | K38: =SUM(K19:K20,K22:K25,K27:K32,K34:K37) -> 1443481.8 | M38: =SUM(M19:M20,M22:M25,M27:M32,M34:M37) -> 1541607.6 | N38: =SUM(N19:N20,N22:N25,N27:N32,N34:N37) -> 98125.756 | O38: =N38/$K38 -> 0.06797852 | U38: =N38/K38-O38 -> 0 | V38: =M38-'Rate Impact-GRC Total'!M38 -> 57.733334
C39: Public Street Lighting
A40: =MAX(A$13:A39)+1 -> 25 | C40: Security Area Lighting | E40: 7 | G40: =ROUND(('Rate Design'!D353),0) -> 6333 | I40: =('Rate Design'!D359)/1000 -> 10030.592 | K40: =('Rate Design'!I359)/1000 -> 1362.222 | M40: =K40+N40 -> 1425.8875 | N40: =$K40*O40 -> 63.665454 | O40: =M63 -> 0.046736475 | P40: =$N40/$N$49*P$52 -> 3.5200773 | Q40: =ROUND(P40/($M40*P$58/12),4) -> 0.0063 | R40: =$N40/$N$49*R$52 -> 3.6249563 | S40: =ROUND(R40/($M40*R$58/12),4) -> 0.0095 | U40: =N40/K40-O40 -> 0 | V40: =M40-'Rate Impact-GRC Total'!M40 -> -0.594546 | W40: =Q40*M40/12*$P$58 -> 3.5256217 | X40: =S40*M40/12*$R$58 -> 3.6122482
A41: =MAX(A$13:A40)+1 -> 26 | C41: Street Lighting - Company Owned | E41: 11 | G41: =ROUND(('Rate Design'!D589),0) -> 795 | I41: =('Rate Design'!D610)/1000 -> 13419.474 | K41: =('Rate Design'!I610)/1000 -> 3897.334 | M41: =K41+N41 -> 4079.4817 | N41: =$K41*O41 -> 182.14765 | O41: =M64 -> 0.046736475 | P41: =$N41/$N$49*P$52 -> 10.070985 | Q41: =ROUND(P41/($M41*P$58/12),4) -> 0.0063 | R41: =$N41/$N$49*R$52 -> 10.371045 | S41: =ROUND(R41/($M41*R$58/12),4) -> 0.0095 | U41: =N41/K41-O41 -> 0 | V41: =M41-'Rate Impact-GRC Total'!M41 -> -0.90534821 | W41: =Q41*M41/12*$P$58 -> 10.086847 | X41: =S41*M41/12*$R$58 -> 10.334687
A42: =MAX(A$13:A41)+1 -> 27 | C42: Street Lighting - Customer Owned | E42: 12 | G42: =ROUND(('Rate Design'!D686),0) -> 1331 | I42: =('Rate Design'!D687)/1000 -> 29890.554 | K42: =('Rate Design'!I687)/1000 -> 1484.842 | M42: =K42+N42 -> 1554.2383 | N42: =$K42*O42 -> 69.396281 | O42: =M65 -> 0.046736475 | P42: =$N42/$N$49*P$52 -> 3.836936 | Q42: =ROUND(P42/($M42*P$58/12),4) -> 0.0063 | R42: =$N42/$N$49*R$52 -> 3.9512557 | S42: =ROUND(R42/($M42*R$58/12),4) -> 0.0095 | U42: =N42/K42-O42 -> 0 | V42: =M42-'Rate Impact-GRC Total'!M42 -> -0.0057194719 | W42: =Q42*M42/12*$P$58 -> 3.8429795 | X42: =S42*M42/12*$R$58 -> 3.9374036
A43: =MAX(A$13:A42)+1 -> 28 | C43: Metered Outdoor Lighting | E43: 15 | G43: =ROUND(('Rate Design'!D692)/12,0) -> 780 | I43: =('Rate Design'!D696)/1000 -> 15798.909 | K43: =('Rate Design'!I696)/1000 -> 779.554 | M43: =K43+N43 -> 850.42042 | N43: =$K43*O43 -> 70.866419 | O43: =M66 -> 0.090906363 | P43: =$N43/$N$49*P$52 -> 3.9182203 | Q43: =ROUND(P43/($M43*P$58/12),4) -> 0.0117 | R43: =$N43/$N$49*R$52 -> 4.0349618 | S43: =ROUND(R43/($M43*R$58/12),4) -> 0.0178 | U43: =N43/K43-O43 -> 0 | V43: =M43-'Rate Impact-GRC Total'!M43 -> -0.0015810374 | W43: =Q43*M43/12*$P$58 -> 3.9050757 | X43: =S43*M43/12*$R$58 -> 4.0366623
A44: =MAX(A$13:A43)+1 -> 29 | C44: Traffic Signal Systems | E44: 15 | G44: =ROUND(('Rate Design'!D726)/12,0) -> 2738 | I44: =('Rate Design'!D730)/1000 -> 8267.8917 | K44: =('Rate Design'!I730)/1000 -> 830.742 | M44: =K44+N44 -> 906.26173 | N44: =$K44*O44 -> 75.519734 | O44: =M67 -> 0.090906363 | P44: =$N44/$N$49*P$52 -> 4.1755031 | Q44: =ROUND(P44/($M44*P$58/12),4) -> 0.0117 | R44: =$N44/$N$49*R$52 -> 4.2999102 | S44: =ROUND(R44/($M44*R$58/12),4) -> 0.0178 | U44: =N44/K44-O44 -> 0 | V44: =M44-'Rate Impact-GRC Total'!M44 -> 0.0037338758 | W44: =Q44*M44/12*$P$58 -> 4.1614954 | X44: =S44*M44/12*$R$58 -> 4.3017224
A45: =MAX(A$13:A44)+1 -> 30 | C45: Subtotal Public Street Lighting | G45: =SUM(G40:G44) -> 11977 | I45: =SUM(I40:I44) -> 77407.421 | K45: =SUM(K40:K44) -> 8354.694 | M45: =SUM(M40:M44) -> 8816.2895 | N45: =SUM(N40:N44) -> 461.59554 | O45: =N45/$K45 -> 0.055249844 | U45: =N45/K45-O45 -> 0 | V45: =M45-'Rate Impact-GRC Total'!M45 -> -1.5034608
A46: =MAX(A$13:A45)+1 -> 31 | C46: Security AR LG-Contracts (PTL) | G46: =ROUND(('Rate Design'!D1255),0) -> 4 | I46: =('Rate Design'!D1256)/1000 -> 7.423 | K46: =('Rate Design'!I1256)/1000 -> 0.56 | M46: =K46+N46 -> 0.56 | N46: =$K46*O46 -> 0 | O46: 0 | U46: =N46/K46-O46 -> 0 | V46: =M46-'Rate Impact-GRC Total'!M46 -> 0
A47: =MAX(A$13:A46)+1 -> 32 | C47: AGA/Revenue Credit | K47: ='Rate Design'!I1279/1000 -> 4.66164 | M47: =K47+N47 -> 4.66164 | N47: =$K47*O47 -> 0 | O47: 0 | U47: =N47/K47-O47 -> 0 | V47: =M47-'Rate Impact-GRC Total'!M47 -> 0
A48: =MAX(A$13:A47)+1 -> 33 | C48: Total Public Street Lighting | G48: =SUM(G46:G47)+G45 -> 11981 | I48: =SUM(I46:I47)+I45 -> 77414.844 | K48: =SUM(K46:K47)+K45 -> 8359.9156 | M48: =SUM(M46:M47)+M45 -> 8821.5112 | N48: =SUM(N46:N47)+N45 -> 461.59554 | O48: =N48/$K48 -> 0.055215335 | U48: =N48/K48-O48 -> 0 | V48: =M48-'Rate Impact-GRC Total'!M48 -> -1.5034608
A49: =MAX(A$13:A48)+1 -> 34 | C49: Total Sales to Ultimate Customers | G49: =G48+G38+G17 -> 1092514 | I49: =I48+I38+I17 -> 28826512 | K49: =K48+K38+K17 -> 2356946.9 | M49: =M48+M38+M17 -> 2537810.7 | N49: =N48+N38+N17 -> 180863.79 | O49: =N49/$K49 -> 0.076736475 | P49: =SUM(P14:P48) -> 10000 | Q49: =ROUND(P49/($M49*P$58/12),4) -> 0.01 | R49: =SUM(R14:R48) -> 10297.945 | S49: =ROUND(R49/($M49*R$58/12),4) -> 0.0152 | U49: =N49/K49-O49 -> 0 | V49: =M49-'Rate Impact-GRC Total'!M49 -> 51.745 | W49: =SUM(W14:W48) -> 9978.9547 | X49: =SUM(X14:X48) -> 10308.306
I51: Rev Increase ($000) | M51: Spread % | N51: Adj | P51: Deferral $ | R51: Net Deferral $
G52: First ordered rev increase | I52: =87232937/1000 -> 87232.937 | K52: Target increase | M52: =I58 -> 180863.79 | N52: =N49-M52 -> 0 | P52: =$I$55/12*P56 -> 10000 | R52: =$I$55/12*R56-R54 -> 10297.945
G53: Reconsideration rev increase | I53: =6978587/1000 -> 6978.587 | K53: overall avg | M53: =M52/K49 -> 0.076736475 | R53: Sch92 Recovered $
G54: Subtotal | I54: =SUM(I52:I53) -> 94211.524 | K54: Spread Adj | N54: 0.014169888 | R54: =P49*((31-20)/31+24/30)/P58 -> 2452.0548 | S54: (8/21-9/24)
G55: Settlement proposal | I55: 93000 | K55: Res 1, 2,2E,3 | M55: =$M$53+N55 -> 0.090906363 | N55: =$N$54 -> 0.014169888 | P55: Deferral M | R55: Deferral M
G56: Total | I56: =SUM(I54:I55) -> 187211.52 | K56: 6,6A | M56: =$M$53+N56 -> 0.066736475 | N56: -0.01 | P56: =1+9/31 -> 1.2903226 | R56: =1+20/31 -> 1.6451613 | S56: (7/1-8/20)
G57: Minus Sch 97 WMBA | I57: 6347.73 | K57: 8 | M57: =$M$53+N57 -> 0.071736475 | N57: -0.005 | P57: Recover M | R57: Recover M
G58: Net of GRC Total | I58: =I56-I57 -> 180863.79 | K58: 9, 9A, 31, 32, C2 | M58: =$M$53+N58 -> 0.090906363 | N58: =$N$54 -> 0.014169888 | P58: =6-P56 -> 4.7096774 | R58: =3+6/30 -> 3.2 | S58: (9/25-12/31)
K59: 10 | M59: =$M$53+N59 -> 0.072736475 | N59: -0.004
K60: 23 | M60: =$M$53+N60 -> 0.072736475 | N60: -0.004
K61: C1 | M61: =$M$53+N61 -> 0.076736475 | N61: 0
K62: 34, C3 | M62: 0
K63: 7 | M63: =$M$53+N63 -> 0.046736475 | N63: -0.03
K64: 11 | M64: =$M$53+N64 -> 0.046736475 | N64: -0.03
K65: 12 | M65: =$M$53+N65 -> 0.046736475 | N65: -0.03
K66: 15M | M66: =$M$53+N66 -> 0.090906363 | N66: =$N$54 -> 0.014169888
K67: 15T | M67: =$M$53+N67 -> 0.090906363 | N67: =$N$54 -> 0.014169888
A68: Note:
A69: 1. Present base revenue prior to the last GRC price change.
A70: 2. Rate spread based on the present base revenue prior to the last GRC price change and the total revenue increase from the last GRC including the proposed $93m.
A71: 3. Assuming effective date from August 10, 2026 to December 31, 2026: 1.3 months deferral of proposed $93m incremental base increase and recovered in 4.7 months.
A72: 4. Assuming effective date from September 25, 2026 to December 31, 2026: 1.6 months deferral of proposed $93m incremental base increase (7/1/2026-8/20/2026) and recovered in 3.2 months (9/25/2026-12/31/2026).

Sheet Rate Design
A1: GRC Settlement Rate Design
A2: Rocky Mountain Power - State of Utah
A3: Blocking Based on Adjusted Actuals and Forecasted Loads
A4: Base Period 12 Months Ending December 2023
A5: Forecast Period 12 Months Ending December 2025
F7: Present 1 | K7: Proposed2
C8: Units | H8: Revenue
C9: Base | D9: Forecast | F9: Price | H9: Base | I9: Forecast | K9: Price | M9: Revenue | O9: rounding | P9: 4
A10: Schedule 1
A11: Total Customer | C11: =SUM(C12:C15) -> 9912896.3 | D11: 10211689
A12: Single Family - 1 Phase | C12: 7541300.7 | D12: =ROUND($C12/$C$11*D$11,0) -> 7768609 | F12: 10 | H12: =ROUND($F12*C12,0) -> 75413007 | I12: =ROUND($F12*D12,0) -> 77686090 | K12: =F12+2 -> 12 | M12: =ROUND($K12*D12,0) -> 93223308 | O12: Res 1, 2, 2E, 3, 135, 136, 137
A13: Multi Family - 1 Phase | C13: 2355534.1 | D13: =ROUND($C13/$C$11*D$11,0) -> 2426534 | F13: 6 | H13: =ROUND($F13*C13,0) -> 14133204 | I13: =ROUND($F13*D13,0) -> 14559204 | K13: =F13+1 -> 7 | M13: =ROUND($K13*D13,0) -> 16985738 | O13: In Rate | P13: =M27+M48+M67+M82+M102 -> 987348948
A14: Single Family - 3 Phase | C14: 3639.398 | D14: =ROUND($C14/$C$11*D$11,0) -> 3749 | F14: 20 | H14: =ROUND($F14*C14,0) -> 72788 | I14: =ROUND($F14*D14,0) -> 74980 | K14: =K12+7.5 -> 19.5 | M14: =ROUND($K14*D14,0) -> 73106 | O14: Target | P14: =('Rate Spread'!M14+'Rate Spread'!M15)*1000 -> 9.8734446e+08
A15: Multi Family - 3 Phase | C15: 12422.133 | D15: =ROUND($C15/$C$11*D$11,0) -> 12797 | F15: 12 | H15: =ROUND($F15*C15,0) -> 149066 | I15: =ROUND($F15*D15,0) -> 153564 | K15: =K13+7.5 -> 14.5 | M15: =ROUND($K15*D15,0) -> 185557 | O15: D | P15: =P14-P13 -> -4484.873
A16: Aggregate Charge | C16: 0 | D16: =ROUND($C16/$C$11*D$11,0) -> 0 | F16: 2 | H16: =ROUND($F16*C16,0) -> 0 | I16: =ROUND($F16*D16,0) -> 0 | K16: =F16 -> 2 | M16: =ROUND($K16*D16,0) -> 0
A17: Non-Standard Meter Reading Fee | C17: 483.1 | D17: =ROUND($C17/$C$11*D$11,0) -> 498 | F17: 22 | H17: =ROUND($F17*C17,0) -> 10628 | I17: =ROUND($F17*D17,0) -> 10956 | K17: =F17 -> 22 | M17: =ROUND($K17*D17,0) -> 10956 | O17: In Rate Change | P17: =P13/($I$27+$I$48+$I$67+$I$82+$I$102)-1 -> 0.090911318
A18: Paperless Bill Credit | C18: 6120807 | D18: 7098075.7 | F18: -0.5 | H18: =ROUND($F18*C18,0) -> -3060404 | I18: =ROUND($F18*D18,0) -> -3549038 | K18: =F18 -> -0.5 | M18: =ROUND($K18*D18,0) -> -3549038 | O18: Target Change | P18: =P14/($I$27+$I$48+$I$67+$I$82+$I$102)-1 -> 0.090906363
A19: On-Peak kWh (Jun - Sept) | C19: 0 | D19: =ROUND($C19/SUM($C21:$C22)*SUM(D21:D22),0) -> 0 | F19: 4.356 | G19: ¢ | H19: =ROUND($F19*C19/100,0) -> 0 | I19: =ROUND($F19*D19/100,0) -> 0 | K19: =F19 -> 4.356 | L19: ¢ | M19: =ROUND($K19*D19/100,0) -> 0 | O19: Energy % | P19: =(P14-SUM(M12:M18,M31:M37,M52:M58,M71:M77,M86:M92))/SUM(I19:I25,I38:I46,I59:I65,I78:I80,I93:I99)-1 -> 0.0769322
A20: Off-Peak kWh (Jun - Sept) | C20: 0 | D20: =ROUND($C20/SUM($C21:$C22)*SUM(D21:D22),0) -> 0 | F20: -1.6334 | G20: ¢ | H20: =ROUND($F20*C20/100,0) -> 0 | I20: =ROUND($F20*D20/100,0) -> 0 | K20: =F20 -> -1.6334 | L20: ¢ | M20: =ROUND($K20*D20/100,0) -> 0 | O20: season | Q20: =K21/K23 -> 1.1299931 | R20: =K22/K24 -> 1.1300022
A21: First 400 kWh (Jun-Sept) | C21: 1184431973 | D21: 1280445808 | F21: 9.0279 | G21: ¢ | H21: =ROUND($F21*C21/100,0) -> 106929334 | I21: =ROUND($F21*D21/100,0) -> 115597367 | K21: =ROUND(($P$14-SUM(M12:M20,M25,M31:M41,M46,M52:M60,M65,M82,M86:M94,M99)-(F22-F21)/100*SUM(D22,D43,D62,D96)-(F24-F23)/100*SUM(D24,D45,D64,D98))/(SUM(D21:D22,D42:D43,D61:D62,D95:D96)+F23/F21*SUM(D23:D24,D44:D45,D63:D64,D97:D98))*100,$P$9) -> 9.8332 | L21: ¢ | M21: =ROUND($K21*D21/100,0) -> 125908797 | O21: tier | Q21: =K22-K21 -> 2.6931 | R21: =F22-F21 -> 2.6931
A22: All add'l kWh (Jun-Sept) | C22: 1.6835879e+09 | D22: 1820064906 | F22: 11.721 | G22: ¢ | H22: =ROUND($F22*C22/100,0) -> 197333338 | I22: =ROUND($F22*D22/100,0) -> 213329808 | K22: =K21+F22-F21 -> 12.5263 | L22: ¢ | M22: =ROUND($K22*D22/100,0) -> 227986790 | O22: Basic Charge | Q22: =K24-K23 -> 2.3832 | R22: =F24-F23 -> 2.3832
A23: First 400 kWh (Oct-May) | C23: 2282008538 | D23: 2250428111 | F23: 7.9893 | G23: ¢ | H23: =ROUND($F23*C23/100,0) -> 182316508 | I23: =ROUND($F23*D23/100,0) -> 179793453 | K23: =ROUND(K21*F23/F21,$P$9) -> 8.702 | L23: ¢ | M23: =ROUND($K23*D23/100,0) -> 195832254 | O23: tier | P23: 0
A24: All add'l kWh (Oct-May) | C24: 2.1294211e+09 | D24: 2099952291 | F24: 10.3725 | G24: ¢ | H24: =ROUND($F24*C24/100,0) -> 220874201 | I24: =ROUND($F24*D24/100,0) -> 217817551 | K24: =K23+F24-F23 -> 11.0852 | L24: ¢ | M24: =ROUND($K24*D24/100,0) -> 232783911 | O24: Avg Usage - A | P24: =ROUND(D27/D11,0) -> 731
A25: Subscriber Solar kWh | C25: 16475158 | D25: =ROUND($C25/$C$27*D$27,0) -> 16815241 | F25: 11.9126 | G25: ¢ | H25: =ROUND($F25*C25/100,0) -> 1962620 | I25: =ROUND($F25*D25/100,0) -> 2003132 | K25: 12.0525 | L25: ¢ | M25: =ROUND($K25*D25/100,0) -> 2026657 | O25: Avg Usage - S | P25: =ROUND(SUM(D21:D22,D25*4/12)/(D11*4/12),0) -> 913
A26: Unbilled | C26: 20749664 | H26: 2688568 | O26: Avg Usage - W | P26: =ROUND(SUM(D23:D24,D25*8/12)/(D11*8/12),0) -> 641
A27: Total | C27: =SUM(C21:C26) -> 7.3166743e+09 | D27: 7.4677064e+09 | H27: =SUM(H12:H26) -> 798822858 | I27: =SUM(I12:I26) -> 817477067 | M27: =SUM(M12:M26) -> 891468036 | O27: In Rate Change | P27: =M27/I27-1 -> 0.09051137
A29: Schedule 135-136-137
A30: Total Customer | C30: =SUM(C31:C34) -> 788997.92 | D30: 1040676 | O30: Sch73 | P30: Present | Q30: Proposed
A31: Single Family - 1 Phase | C31: 766112.18 | D31: =ROUND($C31/$C$30*D$30,0) -> 1010490 | F31: 10 | H31: =ROUND($F31*C31,0) -> 7661122 | I31: =ROUND($F31*D31,0) -> 10104900 | K31: =K12 -> 12 | M31: =ROUND($K31*D31,0) -> 12125880 | O31: D | P31: 4.1876 | Q31: =Q33-Q32 -> 4.3275
A32: Multi Family - 1 Phase | C32: 22471.233 | D32: =ROUND($C32/$C$30*D$30,0) -> 29639 | F32: 6 | H32: =ROUND($F32*C32,0) -> 134827 | I32: =ROUND($F32*D32,0) -> 177834 | K32: =K13 -> 7 | M32: =ROUND($K32*D32,0) -> 207473 | O32: G | P32: 7.725 | Q32: =P32 -> 7.725
A33: Single Family - 3 Phase | C33: 186.5005 | D33: =ROUND($C33/$C$30*D$30,0) -> 246 | F33: 20 | H33: =ROUND($F33*C33,0) -> 3730 | I33: =ROUND($F33*D33,0) -> 4920 | K33: =K14 -> 19.5 | M33: =ROUND($K33*D33,0) -> 4797 | O33: T | P33: =SUM(P31:P32) -> 11.9126 | Q33: =K25 -> 12.0525
A34: Multi Family - 3 Phase | C34: 228 | D34: =ROUND($C34/$C$30*D$30,0) -> 301 | F34: 12 | H34: =ROUND($F34*C34,0) -> 2736 | I34: =ROUND($F34*D34,0) -> 3612 | K34: =K15 -> 14.5 | M34: =ROUND($K34*D34,0) -> 4365
A35: Aggregate Charge | C35: 1232.955 | D35: =ROUND($C35/$C$30*D$30,0) -> 1626 | F35: 2 | H35: =ROUND($F35*C35,0) -> 2466 | I35: =ROUND($F35*D35,0) -> 3252 | K35: =K16 -> 2 | M35: =ROUND($K35*D35,0) -> 3252
A36: Non-Standard Meter Reading Fee | C36: 40 | D36: =ROUND($C36/$C$30*D$30,0) -> 53 | F36: 22 | H36: =ROUND($F36*C36,0) -> 880 | I36: =ROUND($F36*D36,0) -> 1166 | K36: =K17 -> 22 | M36: =ROUND($K36*D36,0) -> 1166
A37: Paperless Bill Credit | C37: 546761 | D37: 723366.83 | F37: -0.5 | H37: =ROUND($F37*C37,0) -> -273381 | I37: =ROUND($F37*D37,0) -> -361683 | K37: =K18 -> -0.5 | M37: =ROUND($K37*D37,0) -> -361683
A38: On-Peak kWh (Jun - Sept) | C38: 31440 | D38: =ROUND($C38/SUM($C42:$C43)*SUM(D42:D43),0) -> 45401 | F38: 4.356 | G38: ¢ | H38: =ROUND($F38*C38/100,0) -> 1370 | I38: =ROUND($F38*D38/100,0) -> 1978 | K38: =K19 -> 4.356 | L38: ¢ | M38: =ROUND($K38*D38/100,0) -> 1978
A39: Off-Peak kWh (Jun - Sept) | C39: 203190 | D39: =ROUND($C39/SUM($C42:$C43)*SUM(D42:D43),0) -> 293414 | F39: -1.6334 | G39: ¢ | H39: =ROUND($F39*C39/100,0) -> -3319 | I39: =ROUND($F39*D39/100,0) -> -4793 | K39: =K20 -> -1.6334 | L39: ¢ | M39: =ROUND($K39*D39/100,0) -> -4793
A40: On-Peak kWh | C40: 124577 | D40: =$C40/($C$48)*D$48 -> 168932.71 | F40: 25.3532 | G40: ¢ | H40: =ROUND($F40*C40/100,0) -> 31584 | I40: =ROUND($F40*D40/100,0) -> 42830 | K40: =K78 -> 27.3037 | L40: ¢ | M40: =ROUND($K40*D40/100,0) -> 46125
A41: Off-Peak kWh | C41: 1140971 | D41: =$C41/($C$48)*D$48 -> 1547214.4 | F41: 5.2004 | G41: ¢ | H41: =ROUND($F41*C41/100,0) -> 59335 | I41: =ROUND($F41*D41/100,0) -> 80461 | K41: =K79 -> 5.6005 | L41: ¢ | M41: =ROUND($K41*D41/100,0) -> 86652
A42: First 400 kWh (Jun-Sept) | C42: 76905411 | D42: 111054258 | F42: 9.0279 | G42: ¢ | H42: =ROUND($F42*C42/100,0) -> 6942944 | I42: =ROUND($F42*D42/100,0) -> 10025867 | K42: =K21 -> 9.8332 | L42: ¢ | M42: =ROUND($K42*D42/100,0) -> 10920187
A43: All add'l kWh (Jun-Sept) | C43: 80408666 | D43: 116113088 | F43: 11.721 | G43: ¢ | H43: =ROUND($F43*C43/100,0) -> 9424700 | I43: =ROUND($F43*D43/100,0) -> 13609615 | K43: =K22 -> 12.5263 | L43: ¢ | M43: =ROUND($K43*D43/100,0) -> 14544674
A44: First 400 kWh (Oct-May) | C44: 154938340 | D44: 204102884 | F44: 7.9893 | G44: ¢ | H44: =ROUND($F44*C44/100,0) -> 12378489 | I44: =ROUND($F44*D44/100,0) -> 16306392 | K44: =K23 -> 8.702 | L44: ¢ | M44: =ROUND($K44*D44/100,0) -> 17761033
A45: All add'l kWh (Oct-May) | C45: 156110719 | D45: 205647278 | F45: 10.3725 | G45: ¢ | H45: =ROUND($F45*C45/100,0) -> 16192584 | I45: =ROUND($F45*D45/100,0) -> 21330764 | K45: =K24 -> 11.0852 | L45: ¢ | M45: =ROUND($K45*D45/100,0) -> 22796412 | O45: Avg Usage - A | P45: =ROUND(D48/D30,0) -> 614
A46: Subscriber Solar kWh | C46: 0 | F46: 11.9126 | G46: ¢ | H46: =ROUND($F46*C46/100,0) -> 0 | I46: =ROUND($F46*D46/100,0) -> 0 | K46: =K25 -> 12.0525 | L46: ¢ | M46: =ROUND($K46*D46/100,0) -> 0 | O46: Avg Usage - S | P46: =ROUND(SUM(D42:D43,(D40+D41+D46)*4/12)/(D30*4/12),0) -> 657
A47: Unbilled | C47: 1322528 | H47: 175822 | O47: Avg Usage - W | P47: =ROUND(SUM(D44:D45,(D40+D41+D46)*8/12)/(D30*8/12),0) -> 592
A48: Total | C48: =SUM(C40:C47) -> 470951212 | D48: 6.3863365e+08 | H48: =SUM(H31:H47) -> 52735889 | I48: =SUM(I31:I47) -> 71327115 | M48: =SUM(M31:M47) -> 78137518 | O48: In Rate Change | P48: =M48/I48-1 -> 0.095481263
A50: Schedule 2
A51: Total Customer | C51: =SUM(C52:C55) -> 5227.8718 | D51: 4618.4473
A52: Single Family - 1 Phase | C52: 3989.772 | D52: =ROUND($C52/$C$51*D$51,0) -> 3525 | F52: 10 | H52: =ROUND($F52*C52,0) -> 39898 | I52: =ROUND($F52*D52,0) -> 35250 | K52: =K12 -> 12 | M52: =ROUND($K52*D52,0) -> 42300
A53: Multi Family - 1 Phase | C53: 1226.0333 | D53: =ROUND($C53/$C$51*D$51,0) -> 1083 | F53: 6 | H53: =ROUND($F53*C53,0) -> 7356 | I53: =ROUND($F53*D53,0) -> 6498 | K53: =K13 -> 7 | M53: =ROUND($K53*D53,0) -> 7581
A54: Single Family - 3 Phase | C54: 12.0665 | D54: =ROUND($C54/$C$51*D$51,0) -> 11 | F54: 20 | H54: =ROUND($F54*C54,0) -> 241 | I54: =ROUND($F54*D54,0) -> 220 | K54: =K14 -> 19.5 | M54: =ROUND($K54*D54,0) -> 215
A55: Multi Family - 3 Phase | C55: 0 | D55: =ROUND($C55/$C$51*D$51,0) -> 0 | F55: 12 | H55: =ROUND($F55*C55,0) -> 0 | I55: =ROUND($F55*D55,0) -> 0 | K55: =K15 -> 14.5 | M55: =ROUND($K55*D55,0) -> 0
A56: Aggregate Charge | C56: 0 | D56: =ROUND($C56/$C$51*D$51,0) -> 0 | F56: 2 | H56: =ROUND($F56*C56,0) -> 0 | I56: =ROUND($F56*D56,0) -> 0 | K56: =K16 -> 2 | M56: =ROUND($K56*D56,0) -> 0
A57: Non-Standard Meter Reading Fee | C57: 8 | D57: =ROUND($C57/$C$51*D$51,0) -> 7 | F57: 22 | H57: =ROUND($F57*C57,0) -> 176 | I57: =ROUND($F57*D57,0) -> 154 | K57: =K17 -> 22 | M57: =ROUND($K57*D57,0) -> 154
A58: Paperless Bill Credit | C58: 3683 | D58: 3210.2514 | F58: -0.5 | H58: =ROUND($F58*C58,0) -> -1842 | I58: =ROUND($F58*D58,0) -> -1605 | K58: =K18 -> -0.5 | M58: =ROUND($K58*D58,0) -> -1605
A59: On-Peak kWh (Jun - Sept) | C59: 341910 | D59: =ROUND($C59/SUM($C61:$C62)*SUM(D61:D62),0) -> 313011 | F59: 4.356 | G59: ¢ | H59: =ROUND($F59*C59/100,0) -> 14894 | I59: =ROUND($F59*D59/100,0) -> 13635 | K59: =K19 -> 4.356 | L59: ¢ | M59: =ROUND($K59*D59/100,0) -> 13635
A60: Off-Peak kWh (Jun - Sept) | C60: 1103124 | D60: =ROUND($C60/SUM($C61:$C62)*SUM(D61:D62),0) -> 1009884 | F60: -1.6334 | G60: ¢ | H60: =ROUND($F60*C60/100,0) -> -18018 | I60: =ROUND($F60*D60/100,0) -> -16495 | K60: =K20 -> -1.6334 | L60: ¢ | M60: =ROUND($K60*D60/100,0) -> -16495
A61: First 400 kWh (Jun-Sept) | C61: 604819 | D61: 553698 | F61: 9.0279 | G61: ¢ | H61: =ROUND($F61*C61/100,0) -> 54602 | I61: =ROUND($F61*D61/100,0) -> 49987 | K61: =K21 -> 9.8332 | L61: ¢ | M61: =ROUND($K61*D61/100,0) -> 54446
A62: All add'l kWh (Jun-Sept) | C62: 840214.03 | D62: 769196 | F62: 11.721 | G62: ¢ | H62: =ROUND($F62*C62/100,0) -> 98481 | I62: =ROUND($F62*D62/100,0) -> 90157 | K62: =K22 -> 12.5263 | L62: ¢ | M62: =ROUND($K62*D62/100,0) -> 96352
A63: First 400 kWh (Oct-May) | C63: 1206868 | D63: 986937 | F63: 7.9893 | G63: ¢ | H63: =ROUND($F63*C63/100,0) -> 96420 | I63: =ROUND($F63*D63/100,0) -> 78849 | K63: =K23 -> 8.702 | L63: ¢ | M63: =ROUND($K63*D63/100,0) -> 85883
A64: All add'l kWh (Oct-May) | C64: 1283232.9 | D64: 1049386 | F64: 10.3725 | G64: ¢ | H64: =ROUND($F64*C64/100,0) -> 133103 | I64: =ROUND($F64*D64/100,0) -> 108848 | K64: =K24 -> 11.0852 | L64: ¢ | M64: =ROUND($K64*D64/100,0) -> 116327 | O64: Avg Usage - A | P64: =ROUND(D67/D51,0) -> 727
A65: Subscriber Solar kWh | C65: 0 | F65: 11.9126 | G65: ¢ | H65: =ROUND($F65*C65/100,0) -> 0 | I65: =ROUND($F65*D65/100,0) -> 0 | K65: =K25 -> 12.0525 | L65: ¢ | M65: =ROUND($K65*D65/100,0) -> 0 | O65: Avg Usage - S | P65: =ROUND(SUM(D61:D62,D65*4/12)/(D51*4/12),0) -> 859
A66: Unbilled | C66: 11387 | H66: 1458 | O66: Avg Usage - W | P66: =ROUND(SUM(D63:D64,D65*8/12)/(D51*8/12),0) -> 661
A67: Total | C67: =SUM(C61:C66) -> 3946520.9 | D67: 3359216.6 | H67: =SUM(H52:H66) -> 426769 | I67: =SUM(I52:I66) -> 365498 | M67: =SUM(M52:M66) -> 398793 | O67: In Rate Change | P67: =M67/I67-1 -> 0.09109489
A69: Schedule 2E
A70: Total Customer | C70: =SUM(C71:C74) -> 8749.5013 | D70: 7729.5527
A71: Single Family - 1 Phase | C71: 8205.668 | D71: =ROUND($C71/$C$70*D$70,0) -> 7249 | F71: 10 | H71: =ROUND($F71*C71,0) -> 82057 | I71: =ROUND($F71*D71,0) -> 72490 | K71: =K12 -> 12 | M71: =ROUND($K71*D71,0) -> 86988
A72: Multi Family - 1 Phase | C72: 543.83333 | D72: =ROUND($C72/$C$70*D$70,0) -> 480 | F72: 6 | H72: =ROUND($F72*C72,0) -> 3263 | I72: =ROUND($F72*D72,0) -> 2880 | K72: =K13 -> 7 | M72: =ROUND($K72*D72,0) -> 3360
A73: Single Family - 3 Phase | C73: 0 | D73: =ROUND($C73/$C$70*D$70,0) -> 0 | F73: 20 | H73: =ROUND($F73*C73,0) -> 0 | I73: =ROUND($F73*D73,0) -> 0 | K73: =K14 -> 19.5 | M73: =ROUND($K73*D73,0) -> 0
A74: Multi Family - 3 Phase | C74: 0 | D74: =ROUND($C74/$C$70*D$70,0) -> 0 | F74: 12 | H74: =ROUND($F74*C74,0) -> 0 | I74: =ROUND($F74*D74,0) -> 0 | K74: =K15 -> 14.5 | M74: =ROUND($K74*D74,0) -> 0
A75: Aggregate Charge | C75: 0 | D75: =ROUND($C75/$C$70*D$70,0) -> 0 | F75: 2 | H75: =ROUND($F75*C75,0) -> 0 | I75: =ROUND($F75*D75,0) -> 0 | K75: =K16 -> 2 | M75: =ROUND($K75*D75,0) -> 0
A76: Non-Standard Meter Reading Fee | C76: 0 | D76: =ROUND($C76/$C$70*D$70,0) -> 0 | F76: 22 | H76: =ROUND($F76*C76,0) -> 0 | I76: =ROUND($F76*D76,0) -> 0 | K76: =K17 -> 22 | M76: =ROUND($K76*D76,0) -> 0
A77: Paperless Bill Credit | C77: 7279 | D77: 5372.7596 | F77: -0.5 | H77: =ROUND($F77*C77,0) -> -3640 | I77: =ROUND($F77*D77,0) -> -2686 | K77: =K18 -> -0.5 | M77: =ROUND($K77*D77,0) -> -2686
A78: On-Peak kWh | C78: 1855246 | D78: =$C78/($C$82-$C$80-$C$81)*D$82 -> 1583597.9 | F78: 25.3532 | G78: ¢ | H78: =ROUND($F78*C78/100,0) -> 470364 | I78: =ROUND($F78*D78/100,0) -> 401493 | K78: =ROUND(F78*(1+$P$19),$P$9) -> 27.3037 | L78: ¢ | M78: =ROUND($K78*D78/100,0) -> 432381
A79: Off-Peak kWh | C79: 9727968 | D79: =$C79/($C$82-$C$80-$C$81)*D$82 -> 8303583.5 | F79: 5.2004 | G79: ¢ | H79: =ROUND($F79*C79/100,0) -> 505893 | I79: =ROUND($F79*D79/100,0) -> 431820 | K79: =ROUND(F79*(1+$P$19),$P$9) -> 5.6005 | L79: ¢ | M79: =ROUND($K79*D79/100,0) -> 465042 | O79: Avg Usage - A | P79: =ROUND(D82/D70,0) -> 1279
A80: Subscriber Solar kWh | C80: 0 | F80: 11.9126 | G80: ¢ | H80: =ROUND($F80*C80/100,0) -> 0 | I80: =ROUND($F80*D80/100,0) -> 0 | K80: =K25 -> 12.0525 | L80: ¢ | M80: =ROUND($K80*D80/100,0) -> 0 | O80: Avg Usage - S | P80: =P79 -> 1279
A81: Unbilled | C81: 32580 | H81: 3541 | O81: Avg Usage - W | P81: =P79 -> 1279
A82: Total | C82: =SUM(C78:C81) -> 11615794 | D82: 9887181.4 | H82: =SUM(H71:H81) -> 1061478 | I82: =SUM(I71:I81) -> 905997 | M82: =SUM(M71:M81) -> 985085 | O82: In Rate Change | P82: =M82/I82-1 -> 0.087293887
A84: Schedule 3
A85: Total Customer | C85: =SUM(C86:C89) -> 224747.5 | D85: 212808.65
A86: Single Family - 1 Phase | C86: 112730.23 | D86: =ROUND($C86/$C$85*D$85,0) -> 106742 | F86: 10 | H86: =ROUND($F86*C86,0) -> 1127302 | I86: =ROUND($F86*D86,0) -> 1067420 | K86: =K12 -> 12 | M86: =ROUND($K86*D86,0) -> 1280904
A87: Multi Family - 1 Phase | C87: 111832.7 | D87: =ROUND($C87/$C$85*D$85,0) -> 105892 | F87: 6 | H87: =ROUND($F87*C87,0) -> 670996 | I87: =ROUND($F87*D87,0) -> 635352 | K87: =K13 -> 7 | M87: =ROUND($K87*D87,0) -> 741244
A88: Single Family - 3 Phase | C88: 6.9335 | D88: =ROUND($C88/$C$85*D$85,0) -> 7 | F88: 20 | H88: =ROUND($F88*C88,0) -> 139 | I88: =ROUND($F88*D88,0) -> 140 | K88: =K14 -> 19.5 | M88: =ROUND($K88*D88,0) -> 137
A89: Multi Family - 3 Phase | C89: 177.63333 | D89: =ROUND($C89/$C$85*D$85,0) -> 168 | F89: 12 | H89: =ROUND($F89*C89,0) -> 2132 | I89: =ROUND($F89*D89,0) -> 2016 | K89: =K15 -> 14.5 | M89: =ROUND($K89*D89,0) -> 2436
A90: Aggregate Charge | C90: 0 | D90: =ROUND($C90/$C$85*D$85,0) -> 0 | F90: 2 | H90: =ROUND($F90*C90,0) -> 0 | I90: =ROUND($F90*D90,0) -> 0 | K90: =K16 -> 2 | M90: =ROUND($K90*D90,0) -> 0
A91: Non-Standard Meter Reading Fee | C91: 0 | D91: =ROUND($C91/$C$85*D$85,0) -> 0 | F91: 22 | H91: =ROUND($F91*C91,0) -> 0 | I91: =ROUND($F91*D91,0) -> 0 | K91: =K17 -> 22 | M91: =ROUND($K91*D91,0) -> 0
A92: Paperless Bill Credit | C92: 84261 | D92: 147921.85 | F92: -0.5 | H92: =ROUND($F92*C92,0) -> -42131 | I92: =ROUND($F92*D92,0) -> -73961 | K92: =K18 -> -0.5 | M92: =ROUND($K92*D92,0) -> -73961
A93: On-Peak kWh (Jun - Sept) | C93: 12022 | D93: =ROUND($C93/SUM($C95:$C96)*SUM(D95:D96),0) -> 12271 | F93: 4.356 | G93: ¢ | H93: =ROUND($F93*C93/100,0) -> 524 | I93: =ROUND($F93*D93/100,0) -> 535 | K93: =K19 -> 4.356 | L93: ¢ | M93: =ROUND($K93*D93/100,0) -> 535
A94: Off-Peak kWh (Jun - Sept) | C94: 35541 | D94: =ROUND($C94/SUM($C95:$C96)*SUM(D95:D96),0) -> 36276 | F94: -1.6334 | G94: ¢ | H94: =ROUND($F94*C94/100,0) -> -581 | I94: =ROUND($F94*D94/100,0) -> -593 | K94: =K20 -> -1.6334 | L94: ¢ | M94: =ROUND($K94*D94/100,0) -> -593
A95: First 400 kWh (Jun-Sept) | C95: 27123042 | D95: 27684287 | F95: 9.0279 | G95: ¢ | H95: =ROUND($F95*C95/100,0) -> 2448641 | I95: =ROUND($F95*D95/100,0) -> 2499310 | K95: =K21 -> 9.8332 | L95: ¢ | M95: =ROUND($K95*D95/100,0) -> 2722251
A96: All add'l kWh (Jun-Sept) | C96: 27168887 | D96: 27731081 | F96: 11.721 | G96: ¢ | H96: =ROUND($F96*C96/100,0) -> 3184465 | I96: =ROUND($F96*D96/100,0) -> 3250360 | K96: =K22 -> 12.5263 | L96: ¢ | M96: =ROUND($K96*D96/100,0) -> 3473678
A97: First 400 kWh (Oct-May) | C97: 50990994 | D97: 48398461 | F97: 7.9893 | G97: ¢ | H97: =ROUND($F97*C97/100,0) -> 4073823 | I97: =ROUND($F97*D97/100,0) -> 3866698 | K97: =K23 -> 8.702 | L97: ¢ | M97: =ROUND($K97*D97/100,0) -> 4211634
A98: All add'l kWh (Oct-May) | C98: 37836365 | D98: 35912652 | F98: 10.3725 | G98: ¢ | H98: =ROUND($F98*C98/100,0) -> 3924577 | I98: =ROUND($F98*D98/100,0) -> 3725040 | K98: =K24 -> 11.0852 | L98: ¢ | M98: =ROUND($K98*D98/100,0) -> 3980989 | O98: Avg Usage - A | P98: =ROUND(D102/D85,0) -> 657
A99: Subscriber Solar kWh | C99: 172690 | D99: =ROUND($C99/$C$102*D$102,0) -> 168118 | F99: 11.9126 | G99: ¢ | H99: =ROUND($F99*C99/100,0) -> 20572 | I99: =ROUND($F99*D99/100,0) -> 20027 | K99: =K25 -> 12.0525 | L99: ¢ | M99: =ROUND($K99*D99/100,0) -> 20262 | O99: Avg Usage - S | P99: =ROUND(SUM(D95:D96,D99*4/12)/(D85*4/12),0) -> 782
A100: Unbilled | C100: 407166 | H100: 51999 | O100: Avg Usage - W | P100: =ROUND(SUM(D97:D98,D99*8/12)/(D85*8/12),0) -> 595
A101: LOW INCOME LIFELINE CREDIT | F101: 13.95 | K101: =ROUND(18*(1+'Rate Impact-GRC Incremental'!Q17),0) -> 19 | O101: =K101/F101-1 -> 0.36200717
A102: Total | C102: =SUM(C95:C100) -> 1.4369914e+08 | D102: 1.398946e+08 | H102: =SUM(H86:H100) -> 15462458 | I102: =SUM(I86:I100) -> 14992344 | M102: =SUM(M86:M100) -> 16359516 | O102: In Rate Change | P102: =M102/I102-1 -> 0.091191344
A104: Schedule 1 New Time of Use Option | O104: season | P104: 1.13
A105: On-Peak kWh New TOU (Jun-Sept) | D105: 5.024931e+08 | K105: =ROUND(P107/SUM(D105,D106/P105,D107/P104,D108/(P104*P105))*100,P9) -> 33.6173 | L105: ¢ | M105: =ROUND($K105*D105/100,0) -> 168924612 | O105: on-off ratio | P105: 4.5
A106: Off-Peak kWh New TOU (Jun-Sept) | D106: 2.8862341e+09 | K106: =ROUND(K105/P105,P9) -> 7.4705 | L106: ¢ | M106: =ROUND($K106*D106/100,0) -> 215616115
...

Sheet Sch31-32 Rate
A1: Rocky Mountain Power - State of Utah
A2: Calculation of Proposed Schedule 31 and Schedule 32 Rates
A4: Schedule 6 - Distribution Voltage Full Requirements (<1 MW)
A5: Billing Component | B5: Present Price | D5: Proposed Price | F5: Change
A6: Customer Charge | B6: 53 | D6: ='Rate Design'!K112 -> 58 | F6: =D6-B6 -> 5
A7: Power Charge, Jun-Sept ($/kW) | B7: 13.27 | D7: ='Rate Design'!K116 -> 14.49
A8: Power Charge, Oct-May ($/kW) | B8: 11.74 | D8: ='Rate Design'!K117 -> 12.82
A9: Facilities Charge ($/kW) | B9: 3.99 | D9: ='Rate Design'!K115 -> 4.36
A10: Voltage Discount | B10: -0.96 | D10: ='Rate Design'!K120 -> -0.96
A12: Schedule 8 - Distribution Voltage Full Requirements (1 MW+)
A13: Billing Component | B13: Present Price | D13: Proposed Price | F13: Change
A14: Customer Charge | B14: 71 | D14: ='Rate Design'!K389 -> 76 | F14: =D14-B14 -> 5
A15: Power Charge, Jun-Sept ($/kW) | B15: 15.73 | D15: ='Rate Design'!K392 -> 16.84
A16: Power Charge, Oct-May ($/kW) | B16: 13.92 | D16: ='Rate Design'!K393 -> 14.9
A17: Facilities Charge ($/kW) | B17: 4.81 | D17: ='Rate Design'!K391 -> 5.15
A18: Voltage Discount | B18: -1.13 | D18: ='Rate Design'!K398 -> -1.13
A20: Schedule 9 - Transmission Voltage Full Requirements
A22: Billing Component | B22: Present Price | D22: Proposed Price | F22: Change
A23: Customer Charge | B23: 266 | D23: ='Rate Design'!K459 -> 399 | F23: =D23-B23 -> 133
A24: Power Charge, Jun-Sept ($/kW) | B24: 14.33 | D24: ='Rate Design'!K463 -> 15.54
A25: Power Charge, Oct-May ($/kW) | B25: 12.68 | D25: ='Rate Design'!K464 -> 13.75
A26: Facilities Charge ($/kW) | B26: 2.28 | D26: ='Rate Design'!K462 -> 2.47
A28: Schedule 31 - Partial Requirements
A30: Billing Component | B30: Present Price | D30: Full Requirements Customer Change | F30: Proposed Price
A31: Customer Charge, Secondary Voltage | B31: 137 | C31: + | D31: =$F$14 -> 5 | E31: = | F31: =B31+D31 -> 142
A32: Customer Charge, Primary Voltage | B32: 621 | C32: + | D32: =$F$14 -> 5 | E32: = | F32: =B32+D32 -> 626
A33: Customer Charge, Transmission Voltage | B33: 696 | C33: + | D33: =$F$23 -> 133 | E33: = | F33: =B33+D33 -> 829
A36: Billing Component | B36: Present Price | L36: Proposed Price
A37: Backup Facilities Charge, Secondary Voltage ($/kW) | B37: 5.75 | L37: =ROUND(B37*(1+'Rate Design'!$P$393),2) -> 6.16
A38: Backup Facilities Charge, Primary Voltage ($/kW) | B38: 4.58 | L38: =ROUND(B38*(1+'Rate Design'!$P$393),2) -> 4.91
A39: Backup Facilities Charge, Transmission Voltage ($/kW) | B39: 2.7 | L39: =ROUND(B39*(1+2*'Rate Design'!P467),2) -> 3.16
A41: Billing Component | B41: Present Price | D41: Full Requirements Demand-Related Charges | F41: Proposed Backup Facilities Charge | H41: Monthly Power Charge | J41: On-Peak Days in a Month | L41: Proposed Price
A42: Backup Power Charge, Secondary Voltage, Jun-Sept ($/kW/day) | B42: 0.9 | D42: =D15+D17 -> 21.99 | E42: - | F42: =L37 -> 6.16 | G42: = | H42: =D42-F42 -> 15.83 | I42: / | J42: =((5*52)-8)/12 -> 21 | K42: = | L42: =ROUND(H42/J42,2) -> 0.75
A43: Backup Power Charge, Secondary Voltage, Oct-May ($/kW/day) | B43: 0.8 | D43: =D16+D17 -> 20.05 | E43: - | F43: =F42 -> 6.16 | G43: = | H43: =D43-F43 -> 13.89 | I43: / | J43: =J42 -> 21 | K43: = | L43: =ROUND(H43/J43,2) -> 0.66
A44: Backup Power Charge, Primary Voltage, Jun-Sept ($/kW/day) | B44: 0.88 | D44: =D15+D17+D18 -> 20.86 | E44: - | F44: =L38 -> 4.91 | G44: = | H44: =D44-F44 -> 15.95 | I44: / | J44: =J43 -> 21 | K44: = | L44: =ROUND(H44/J44,2) -> 0.76
A45: Backup Power Charge, Primary Voltage, Oct-May ($/kW/day) | B45: 0.78 | D45: =D16+D17+D18 -> 18.92 | E45: - | F45: =F44 -> 4.91 | G45: = | H45: =D45-F45 -> 14.01 | I45: / | J45: =J44 -> 21 | K45: = | L45: =ROUND(H45/J45,2) -> 0.67
A46: Backup Power Charge, Transmission Voltage, Jun-Sept ($/kW/day) | B46: 0.78 | D46: =D24+D26 -> 18.01 | E46: - | F46: =L39 -> 3.16 | G46: = | H46: =D46-F46 -> 14.85 | I46: / | J46: =J45 -> 21 | K46: = | L46: =ROUND(H46/J46,2) -> 0.71
A47: Backup Power Charge, Transmission Voltage, Oct-May ($/kW/day) | B47: 0.69 | D47: =D25+D26 -> 16.22 | E47: - | F47: =F46 -> 3.16 | G47: = | H47: =D47-F47 -> 13.06 | I47: / | J47: =J46 -> 21 | K47: = | L47: =ROUND(H47/J47,2) -> 0.62
A50: Billing Component | B50: Present Price | D50: Full Requirements Demand-Related Charges | F50: Proposed Price
A51: Excess Power Charge, Secondary Voltage, Jun-Sept ($/kW) | B51: 41.89 | D51: =D42 -> 21.99 | E51: x 2 = | F51: =ROUND(D51*2,2) -> 43.98
A52: Excess Power Charge, Secondary Voltage, Oct-May ($/kW) | B52: 37.07 | D52: =D43 -> 20.05 | E52: x 2 = | F52: =ROUND(D52*2,2) -> 40.1
A53: Excess Power Charge, Primary Voltage, Jun-Sept ($/kW) | B53: 39.56 | D53: =D44 -> 20.86 | E53: x 2 = | F53: =ROUND(D53*2,2) -> 41.72
A54: Excess Power Charge, Primary Voltage, Oct-May ($/kW) | B54: 35.01 | D54: =D45 -> 18.92 | E54: x 2 = | F54: =ROUND(D54*2,2) -> 37.84
A55: Excess Power Charge, Transmission Voltage, Jun-Sept ($/kW) | B55: 33.21 | D55: =D46 -> 18.01 | E55: x 2 = | F55: =ROUND(D55*2,2) -> 36.02
A56: Excess Power Charge, Transmission Voltage, Oct-May ($/kW) | B56: 29.39 | D56: =D47 -> 16.22 | E56: x 2 = | F56: =ROUND(D56*2,2) -> 32.44
A58: Schedule 32 - Service from Renewable Facilities
A60: Billing Component | B60: Present Price | F60: Proposed Price
A61: Customer Charge, Secondary Voltage | B61: 55 | F61: =ROUND(F87*$D$112,0) -> 59
A62: Customer Charge, Primary Voltage | B62: 72 | F62: =ROUND(F88*$D$112,0) -> 77
A63: Customer Charge, Transmission Voltage | B63: 266 | F63: =ROUND(F89*$D$112,0) -> 294
A65: Billing Component | B65: Present Price | J65: Proposed Price
A66: Delivery Facilities Charge, <1 MW, Secondary Voltage ($/kW) | B66: 7.52 | J66: =ROUND(J92*$D$112,2) -> 9.02
A67: Delivery Facilities Charge, <1 MW, Primary Voltage ($/kW) | B67: 6.56 | J67: =ROUND(J93*$D$112,2) -> 8.16
A68: Delivery Facilities Charge, 1 MW+, Secondary Voltage ($/kW) | B68: 8.37 | J68: =ROUND(J94*$D$112,2) -> 10.37
A69: Delivery Facilities Charge, 1 MW+, Primary Voltage ($/kW) | B69: 7.24 | J69: =ROUND(J95*$D$112,2) -> 9.71
A70: Delivery Facilities Charge, Transmission Voltage ($/kW) | B70: 4.35 | J70: =ROUND(J96*$D$112,2) -> 5.19
A72: Billing Component | B72: Present Price | L72: Proposed Price
A73: Daily Power Charge, <1 MW, Secondary Voltage, Jun-Sept ($/kW/day) | B73: 0.57 | L73: =ROUND(L99*$D$112,2) -> 0.45
A74: Daily Power Charge, <1 MW, Secondary Voltage, Oct-May ($/kW/day) | B74: 0.48 | L74: =ROUND(L100*$D$112,2) -> 0.37
A75: Daily Power Charge, <1 MW, Primary Voltage, Jun-Sept ($/kW/day) | B75: 0.57 | L75: =ROUND(L101*$D$112,2) -> 0.45
A76: Daily Power Charge, <1 MW, Primary Voltage, Oct-May ($/kW/day) | B76: 0.47 | L76: =ROUND(L102*$D$112,2) -> 0.37
A77: Daily Power Charge, 1 MW+, Secondary Voltage, Jun-Sept ($/kW/day) | B77: 0.72 | L77: =ROUND(L103*$D$112,2) -> 0.55
A78: Daily Power Charge, 1 MW+, Secondary Voltage, Oct-May ($/kW/day) | B78: 0.61 | L78: =ROUND(L104*$D$112,2) -> 0.46
A79: Daily Power Charge, 1 MW+, Primary Voltage, Jun-Sept ($/kW/day) | B79: 0.71 | L79: =ROUND(L105*$D$112,2) -> 0.53
A80: Daily Power Charge, 1 MW+, Primary Voltage, Oct-May ($/kW/day) | B80: 0.59 | L80: =ROUND(L106*$D$112,2) -> 0.44
A81: Daily Power Charge, Transmission Voltage, Jun-Sept ($/kW/day) | B81: 0.71 | L81: =ROUND(L107*$D$112,2) -> 0.63
A82: Daily Power Charge, Transmission Voltage, Oct-May ($/kW/day) | B82: 0.61 | L82: =ROUND(L108*$D$112,2) -> 0.54
A84: Schedule 32 - Service from Renewable Facilities
A85: Amended Filing
A86: Billing Component | B86: Present Price | D86: Full Requirements Customer Change | F86: Proposed Price (Effective 2/23/2025)
A87: Customer Charge, Secondary Voltage | B87: 55 | C87: + | D87: 6 | E87: = | F87: 61
A88: Customer Charge, Primary Voltage | B88: 72 | C88: + | D88: 8 | E88: = | F88: 80
A89: Customer Charge, Transmission Voltage | B89: 266 | C89: + | D89: 39 | E89: = | F89: 305
A91: Billing Component | B91: Present Price | D91: Full Requirements Demand-Related and Non-EBA-Related Transmission COS | F91: Full Requirements Dist. Xfmr/ P&C/ Sub COS | H91: Proposed Price- Full Cost | J91: Proposed Price (Effective 2/23/2025)
A92: Delivery Facilities Charge, <1 MW, Secondary Voltage ($/kW) | B92: 7.52 | D92: 5.8002988 | E92: + | F92: 5.4302496 | G92: = | H92: 11.230548 | J92: 9.3752742
A93: Delivery Facilities Charge, <1 MW, Primary Voltage ($/kW) | B93: 6.56 | D93: 5.8002988 | E93: + | F93: 4.5959979 | G93: = | H93: 10.396297 | J93: 8.4781484
A94: Delivery Facilities Charge, 1 MW+, Secondary Voltage ($/kW) | B94: 8.37 | D94: 7.8789456 | E94: + | F94: 5.3047765 | G94: = | H94: 13.183722 | J94: 10.776861
A95: Delivery Facilities Charge, 1 MW+, Primary Voltage ($/kW) | B95: 7.24 | D95: 7.8789456 | E95: + | F95: 5.0631805 | G95: = | H95: 12.942126 | J95: 10.091063
A96: Delivery Facilities Charge, Transmission Voltage ($/kW) | B96: 4.35 | D96: 6.4399504 | E96: + | F96: 0 | G96: = | H96: 6.4399504 | J96: 5.3949752
A98: Billing Component | B98: Present Price | D98: Full Requirements Demand-Related Charges | F98: Proposed Delivery Facilities Charge | H98: Monthly Power Charge | J98: On-Peak Days in a Month | L98: Proposed Price (Effective 2/23/2025)
A99: Daily Power Charge, <1 MW, Secondary Voltage, Jun-Sept ($/kW/day) | B99: 0.57 | D99: 19.21 | E99: - | F99: 9.3752742 | G99: = | H99: 9.8347258 | I99: / | J99: 21 | K99: = | L99: 0.46832028
A100: Daily Power Charge, <1 MW, Secondary Voltage, Oct-May ($/kW/day) | B100: 0.48 | D100: 17.5 | E100: - | F100: 9.3752742 | G100: = | H100: 8.1247258 | I100: / | J100: 21 | K100: = | L100: 0.3868917
A101: Daily Power Charge, <1 MW, Primary Voltage, Jun-Sept ($/kW/day) | B101: 0.57 | D101: 18.25 | E101: - | F101: 8.4781484 | G101: = | H101: 9.7718516 | I101: / | J101: 21 | K101: = | L101: 0.46532627
A102: Daily Power Charge, <1 MW, Primary Voltage, Oct-May ($/kW/day) | B102: 0.47 | D102: 16.54 | E102: - | F102: 8.4781484 | G102: = | H102: 8.0618516 | I102: / | J102: 21 | K102: = | L102: 0.3838977
A103: Daily Power Charge, 1 MW+, Secondary Voltage, Jun-Sept ($/kW/day) | B103: 0.72 | D103: 22.76 | E103: - | F103: 10.776861 | G103: = | H103: 11.983139 | I103: / | J103: 21 | K103: = | L103: 0.57062566
A104: Daily Power Charge, 1 MW+, Secondary Voltage, Oct-May ($/kW/day) | B104: 0.61 | D104: 20.75 | E104: - | F104: 10.776861 | G104: = | H104: 9.9731389 | I104: / | J104: 21 | K104: = | L104: 0.47491138
A105: Daily Power Charge, 1 MW+, Primary Voltage, Jun-Sept ($/kW/day) | B105: 0.71 | D105: 21.63 | E105: - | F105: 10.091063 | G105: = | H105: 11.538937 | I105: / | J105: 21 | K105: = | L105: 0.54947319
A106: Daily Power Charge, 1 MW+, Primary Voltage, Oct-May ($/kW/day) | B106: 0.59 | D106: 19.62 | E106: - | F106: 10.091063 | G106: = | H106: 9.5289369 | I106: / | J106: 21 | K106: = | L106: 0.4537589
A107: Daily Power Charge, Transmission Voltage, Jun-Sept ($/kW/day) | B107: 0.71 | D107: 19.07 | E107: - | F107: 5.3949752 | G107: = | H107: 13.675025 | I107: / | J107: 21 | K107: = | L107: 0.65119166
A108: Daily Power Charge, Transmission Voltage, Oct-May ($/kW/day) | B108: 0.61 | D108: 17.18 | E108: - | F108: 5.3949752 | G108: = | H108: 11.785025 | I108: / | J108: 21 | K108: = | L108: 0.56119166
A110: Revenue $k-Amended | D110: 2636690.5
A111: Revenue $k-Proposed | D111: ='Rate Spread'!M49 -> 2537810.7
A112: Adjustment Ratio | D112: =D111/D110 -> 0.96249851
